Workbook

Sheet Borrador
L1: historico | T1: 3 | U1: 0.51 | V1: 2.74 | X1: 0.19 | Y1: 0.09
I3: Fuente Datos/Indicador | J3: Tipo empresa | K3: Tamaño Muestra | L3: Formula | T3: Indicadores Financieros | X3: Indicadores Organizacionales
T4: Indice de Liquidez | U4: Indice de Endeudamiento | V4: Razón de Cobertura de Intereses | W4: Capital de trabajo | X4: Rentabilidad del Patrimonio | Y4: Rentabilidad del Activo
I5: Super Sociedades | J5: Plenas Ind. Plenas Sep. Pymes Ind. Pymes Sep | K5: Total empresas (866) + 31 | L5: Desviación Estandar | T5: =STDEVA(T34:T930) -> 9.3651428 | U5: =STDEVA(U34:U930) -> 1.0088077 | V5: =STDEVA(V34:V930) -> 148199.95 | W5: =STDEVA(W34:W930) -> 255.73495 | X5: =STDEVA(X34:X930) -> 1.3081316 | Y5: =STDEVA(Y34:Y930) -> 0.29826609
L6: Promedio | T6: =AVERAGE(T34:T930) -> 3.9255983 | U6: =AVERAGE(U34:U930) -> 0.58695963 | V6: =AVERAGE(V34:V930) -> 7762.8117 | W6: =AVERAGE(W34:W930) -> 13149048 | X6: =AVERAGE(X34:X930) -> 0.15638787 | Y6: =AVERAGE(Y34:Y930) -> 0.079774798
L7: Mediana | T7: 2.88 | U7: 0.51 | V7: =MEDIAN(V34:V930) -> 3.1391259 | W7: =MEDIAN(W34:W930) -> 13149047 | X7: =MEDIAN(X34:X930) -> 0.19184131 | Y7: =MEDIAN(Y34:Y930) -> 0.090777948
L8: Menor Valor | T8: =MIN(T34:T930) -> 0.050740831 | U8: =MIN(U34:U930) -> 0.0070833918 | V8: =MIN(V34:V930) -> -27431.855 | W8: =MIN(W34:W930) -> 13148626 | X8: =MIN(X34:X930) -> -33.395452 | Y8: =MIN(Y34:Y930) -> -7.5143882
L9: Mayor Valor | T9: =MAX(T34:T930) -> 138.69153 | U9: =MAX(U34:U930) -> 26.186718 | V9: =MAX(V34:V930) -> 3535663.3 | W9: =MAX(W34:W930) -> 13149491 | X9: =MAX(X34:X930) -> 3.4644813 | Y9: =MAX(Y34:Y930) -> 0.71807463
B11: Punto de entrada | C11: Formulario | D11: NIT | E11: Fecha de Corte | F11: Razón social de la sociedad | G11: Clasificación Industrial Internacional Uniforme Versión 4 A.C (CIIU) | H11: Tipo societario | I11: Dirección de notificación judicial registrada en Cámara de Comercio | J11: Departamento de la dirección del domicilio | K11: Ciudad de la dirección del domicilio | L11: Periodo | M11: Activos corrientes totales (CurrentAssets) | N11: Total de activos (Assets) | O11: Pasivos corrientes totales (CurrentLiabilities) | P11: Total pasivos (Liabilities) | Q11: Patrimonio total (Equity) | R11: Ganancia (pérdida) por actividades de operación (ProfitLossFromOperatingActivities) | S11: Costos financieros (FinanceCosts) | T11: Indice de Liquidez | U11: Indice de Endeudamiento | V11: Razón de Cobertura de Intereses | W11: Capital de trabajo | X11: Rentabilidad del Patrimonio | Y11: Rentabilidad del Activo
F12: SUMINISTROS CLINICOS ISLA SAS | G12: EMPRESA REFERENTE DEL SECTOR, YA ESTA EN LA LISTA INICIAL | T12: 1.53 | U12: 0.53 | V12: 3.72 | X12: 0.04 | Y12: 0.02
F13: QUIMICOS Y REACTIVOS SAS | G13: EMPRESA OFERENTE PROCESO 2025 | T13: 2.97 | U13: 0.21 | V13: 116.55 | X13: 0.31 | Y13: 0.24
F14: QUIMMEC SAS | G14: EMPRESA OFERENTE PROCESO 2025 | T14: 2.86 | U14: 0.3 | V14: IND | X14: 0.65 | Y14: 0.45
F15: FILTRACION Y ANALISIS S.A.S. - FILA | G15: EMPRESA OFERENTE PROCESO 2025 | T15: 4.36 | U15: 0.22 | V15: 544809 | X15: 0.19 | Y15: 0.15 | Z15: PRESUPUESTO 2025 | AA15: 11594997534
F16: INDICADORES HISTORICOS | T16: 0.3 | U16: 0.51 | V16: 2.74 | X16: 0.19 | Y16: 0.09 | Z16: PRESUPUESTO 2026 | AA16: 9689754813
F17: INDICADORES SUGERIDOS | T17: 3.65 | U17: 0.42 | V17: 39 | X17: 0.23 | Y17: 0.21
F18: A M ASESORIA Y MANTENIMIENTO LTDA | G18: EMPRESA COTIZANTE 2026 | T18: 4.48 | U18: 0.20 | V18: 1122.38 | X18: 0.10 | Y18: 0.08
F19: EQUIPOS Y LABORATORIO DE COLOMBIA S.A.S. | G19: EMPRESA OFERENTE PROCESO 2025 | T19: 3.02 | U19: 0.55 | V19: 2.04 | X19: 0.20 | Y19: 0.09
F20: SANITAS SAS | G20: EMPRESA COTIZANTE 2026 | T20: 3.11 | U20: 0.49 | V20: 5.40 | X20: 0.35 | Y20: 0.17
F21: CASA CIENTIFICA BLANCO Y COMPAÑIA S.A.S | G21: EMPRESA COTIZANTE 2026 | T21: 3.00 | U21: 0.27 | V21: 53.63 | X21: 0.15 | Y21: 0.11
F22: BIOPRUEBAS LTDA | G22: EMPRESA COTIZANTE 2026 | T22: 9.34 | U22: 0.19 | V22: IND | X22: 0.34 | Y22: 0.27
F23: ADN INTERNACIONAL S.A.S | G23: EMPRESA COTIZANTE 2026 | T23: 2.47 | U23: 0.61 | V23: 1.65 | X23: 0.24 | Y23: 0.09
F24: MAXICAL S.A.S | G24: EMPRESA OFERENTE PROCESO 2025 | T24: 19.31 | U24: 0.22 | V24: 22.95 | X24: 0.37 | Y24: 0.28
F25: SOCIEDAD ANDINA DE IMPORTACIONES Y REPUESTOS LTDA SADIREP | G25: EMPRESA OFERENTE PROCESO 2025 | T25: 14.53 | U25: 0.06 | V25: IND | X25: 0.25 | Y25: 0.24
F26: GENPRODUCTS COMPANY SAS | G26: EMPRESA OFERENTE PROCESO 2025 | T26: 3.12 | U26: 0.19 | V26: 7014.96 | X26: 0.21 | Y26: 0.17
F27: QUIMITRONICA SAS | G27: EMPRESA COTIZANTE 2026 | T27: 2.21 | U27: 0.44 | V27: 4.26 | X27: 0.22 | Y27: 0.12
F28: AVANTIKA COLOMBIA S.A.S. | G28: EMPRESA OFERENTE PROCESO 2025 | T28: 3.75 | U28: 0.31 | V28: 147.77 | X28: 0.24 | Y28: 0.16
F29: BIOCELL SCIENCE S.A.S. | G29: EMPRESA OFERENTE PROCESO 2025 | T29: 8.32 | U29: 0.15 | V29: 15.35 | X29: 0.08 | Y29: 0.06
... F33: ADEQUIM SAS | G33: EMPRESA OFERENTE PROCESO 2025 | T33: 2.19 | U33: 0.51 | V33: 123.72 | X33: 0.23 | Y33: 0.11
F34: SOCIEDAD ANDINA DE IMPORTACIONE13:E35ES Y REPUESTOS LTDA SADIREP | G34: EMPRESA OFERENTE PROCESO 2025 | M34: 253274000 | N34: 273566000 | O34: 30052000 | P34: 30052000 | Q34: 243514000 | R34: 48960000 | S34: 0 | T34: =M34/O34 -> 8.4278584 | U34: =P34/N34 -> 0.10985283 | W34: 13148627 | X34: =R34/Q34 -> 0.2010562 | Y34: =R34/N34 -> 0.17896961
E35: 900011514-6 | F35: AS ANALYTICAL S.A.S - 50% | G35: EMPRESA OFERENTE PROCESO 2025 | M35: 684350722 | N35: 1128735567 | O35: 160855957 | P35: 607528651 | Q35: 521206916 | R35: 231398634 | S35: 17731568 | T35: =M35/O35 -> 4.2544319 | U35: =P35/N35 -> 0.53823825 | V35: =R35/S35 -> 13.050094 | W35: 13148628 | X35: =R35/Q35 -> 0.44396693 | Y35: =R35/N35 -> 0.20500695
E36: 830072417-7 | F36: DISTRIBUIDORA Y COMERCIALIZADORA DIZAR LTDA - 50% | G36: EMPRESA OFERENTE PROCESO 2025 | M36: 2486696288 | N36: 3665567827 | O36: 724854188 | P36: 1350256524 | Q36: 2315311303 | R36: 468239792 | S36: 175424833 | T36: =M36/O36 -> 3.4306159 | U36: =P36/N36 -> 0.36836217 | V36: =R36/S36 -> 2.6691762 | W36: 13148629 | X36: =R36/Q36 -> 0.20223621 | Y36: =R36/N36 -> 0.12774004
E37: 860527779-1 | F37: DISPROQUILAB LTDA - 65% | G37: EMPRESA OFERENTE PROCESO 2025 | M37: 1468787560 | N37: 1506223560 | O37: 47550238 | P37: 47550238 | Q37: 1458673322 | R37: 146315175 | S37: 0 | T37: =M37/O37 -> 30.889174 | U37: =P37/N37 -> 0.031569177 | W37: 13148630 | X37: =R37/Q37 -> 0.10030702 | Y37: =R37/N37 -> 0.097140411
E38: 900230898-8 | F38: INVERSIONES JIMSA SAS - 35% | G38: EMPRESA OFERENTE PROCESO 2025 | M38: 808744729 | N38: 808744729 | O38: 278430239 | P38: 278430239 | Q38: 530314490 | R38: 130948118 | S38: 31766573 | T38: =M38/O38 -> 2.9046584 | U38: =P38/N38 -> 0.34427456 | V38: =R38/S38 -> 4.1221985 | W38: 13148631 | X38: =R38/Q38 -> 0.2469254 | Y38: =R38/N38 -> 0.16191527
F39: YEQUIM SAS | G39: EMPRESA OFERENTE PROCESO 2025 | M39: 4215965486 | N39: 4270527353 | O39: 660645415 | P39: 1576036353 | Q39: 2694491000 | R39: 769810147 | S39: 3156855 | T39: =M39/O39 -> 6.3815859 | U39: =P39/N39 -> 0.36904959 | V39: =R39/S39 -> 243.8535 | W39: 13148632 | X39: =R39/Q39 -> 0.2856978 | Y39: =R39/N39 -> 0.18026114
F40: AQUALAB SAS | G40: EMPRESA OFERENTE PROCESO 2025 | M40: 15106416413 | N40: 22150713364 | O40: 3820464984 | P40: 8768297349 | Q40: 13382416015 | R40: 3191062233 | S40: 234784208 | T40: =M40/O40 -> 3.954078 | U40: =P40/N40 -> 0.39584718 | V40: =R40/S40 -> 13.591469 | W40: 13148633 | X40: =R40/Q40 -> 0.23845188 | Y40: =R40/N40 -> 0.14406138
E41: 860532874-3 | F41: Vidcol SAS | G41: EMPRESA OFERENTE PROCESO 2025 | M41: 2723158000 | N41: 3343343000 | O41: 900861000 | P41: 1203502000 | Q41: 2139841000 | R41: 485757000 | S41: 25585000 | T41: =M41/O41 -> 3.0228393 | U41: =P41/N41 -> 0.35996965 | V41: =R41/S41 -> 18.986007 | W41: 13148634 | X41: =R41/Q41 -> 0.22700612 | Y41: =R41/N41 -> 0.14529081
F42: Quimmec | G42: EMPRESA OFERENTE PROCESO 2025 | M42: 241185190 | N42: 293150090 | O42: 79626206 | P42: 79626206 | Q42: 213523884 | R42: 150274663 | S42: 0 | T42: =M42/O42 -> 3.0289675 | U42: =P42/N42 -> 0.27162266 | W42: 13148635 | X42: =R42/Q42 -> 0.70378386 | Y42: =R42/N42 -> 0.51262022
F43: Avántika Colombia SAS | G43: EMPRESA OFERENTE PROCESO 2025 | M43: 12183542200 | N43: 16661320267 | O43: 3940458037 | P43: 6543123943 | Q43: 10118196324 | R43: 2610718496 | S43: 20270617 | T43: =M43/O43 -> 3.0919101 | U43: =P43/N43 -> 0.39271341 | V43: =R43/S43 -> 128.79324 | W43: 13148636 | X43: =R43/Q43 -> 0.25802212 | Y43: =R43/N43 -> 0.15669337
F44: MEDIMALCO SAS | G44: EMPRESA OFERENTE PROCESO 2025 | M44: 287516955 | N44: 287516955 | O44: 34840721 | P44: 36883955 | Q44: 250633000 | R44: 77562930 | S44: 12000 | T44: =M44/O44 -> 8.2523251 | U44: =P44/N44 -> 0.12828445 | V44: =R44/S44 -> 6463.5775 | W44: 13148637 | X44: =R44/Q44 -> 0.30946815 | Y44: =R44/N44 -> 0.2697682
F45: BIOCELL | G45: EMPRESA OFERENTE PROCESO 2025 | M45: 598556206 | N45: 1424390434 | O45: 139269806 | P45: 370027433 | Q45: 1054363001 | R45: 201383333 | S45: 859424 | T45: =M45/O45 -> 4.2978175 | U45: =P45/N45 -> 0.2597795 | V45: =R45/S45 -> 234.32361 | W45: 13148639 | X45: =R45/Q45 -> 0.191 | Y45: =R45/N45 -> 0.14138212
F46: MAXICAL SAS | G46: EMPRESA OFERENTE PROCESO 2025 | M46: 1490363872 | N46: 1491434872 | O46: 77143872 | P46: 336043872 | Q46: 1155391000 | R46: 431270517 | S46: 18785000 | T46: =M46/O46 -> 19.319278 | U46: =P46/N46 -> 0.22531582 | V46: =R46/S46 -> 22.958239 | W46: 13148640 | X46: =R46/Q46 -> 0.37326803 | Y46: =R46/N46 -> 0.28916483
F47: ADEQUIM SAS - 50% | G47: EMPRESA OFERENTE PROCESO 2025 | M47: 5216101000 | N47: 8649592000 | O47: 3033821000 | P47: 4671358000 | Q47: 3978234000 | R47: 1118086000 | S47: 45177000 | T47: =M47/O47 -> 1.7193173 | U47: =P47/N47 -> 0.54006686 | V47: =R47/S47 -> 24.749009 | W47: 13148641 | X47: =R47/Q47 -> 0.28105084 | Y47: =R47/N47 -> 0.12926459
E48: 900468703-3 | F48: EXPERTQUIM SAS - 50% | G48: EMPRESA OFERENTE PROCESO 2025 | M48: 1644627924 | N48: 1664033990 | O48: 378925081 | P48: 378925081 | Q48: 1285108909 | R48: 368369412 | S48: 0 | T48: =M48/O48 -> 4.3402456 | U48: =P48/N48 -> 0.22771475 | W48: 13148642 | X48: =R48/Q48 -> 0.28664451 | Y48: =R48/N48 -> 0.22137133
F49: EQUIPOS Y LABORATORIO DE COLOMBIA S.A.S. - 50% | G49: EMPRESA OFERENTE PROCESO 2025 | M49: 16881955955 | N49: 30585810220 | O49: 5055316658 | P49: 16364220709 | Q49: 14221589511 | R49: 3121069800 | S49: 1538145989 | T49: =M49/O49 -> 3.3394458 | U49: =P49/N49 -> 0.53502656 | V49: =R49/S49 -> 2.0291116 | W49: 13148643 | X49: =R49/Q49 -> 0.21945998 | Y49: =R49/N49 -> 0.10204306
E50: 800036678-0 | F50: DIDACTICOS Y LIBROS DIDACLIBROS LTDA. - 50% | G50: EMPRESA OFERENTE PROCESO 2025 | M50: 11647310000 | N50: 11680288000 | O50: 1913922000 | P50: 1913922000 | Q50: 9766366000 | R50: 1647029000 | S50: 0 | T50: =M50/O50 -> 6.0855719 | U50: =P50/N50 -> 0.16385914 | W50: 13148644 | X50: =R50/Q50 -> 0.16864297 | Y50: =R50/N50 -> 0.14100928
F51: GENPRODUCTS COMPANY SAS | G51: EMPRESA OFERENTE PROCESO 2025 | M51: 4748924868 | N51: 7806350718 | O51: 1519676478 | P51: 1519676478 | Q51: 6286674240 | R51: 1365716372 | S51: 194686 | T51: =M51/O51 -> 3.1249578 | U51: =P51/N51 -> 0.19467182 | V51: =R51/S51 -> 7014.9696 | W51: 13148645 | X51: =R51/Q51 -> 0.21723988 | Y51: =R51/N51 -> 0.1749494
F52: QUIMICOS Y REACTIVOS SAS - QUIMIREL | G52: EMPRESA OFERENTE PROCESO 2025 | M52: 5965178638 | N52: 8422612130 | O52: 1753476661 | P52: 1753476661 | Q52: 6669135469 | R52: 2021751056 | S52: 2013058 | T52: =M52/O52 -> 3.401915 | U52: =P52/N52 -> 0.2081868 | V52: =R52/S52 -> 1004.3183 | W52: 13148646 | X52: =R52/Q52 -> 0.3031504 | Y52: =R52/N52 -> 0.24003849
E53: 805014913-0 | F53: Scientific Products SAS | G53: EMPRESA OFERENTE PROCESO 2025 | M53: 8300992758 | N53: 9953783630 | O53: 2297899216 | P53: 3038468675 | Q53: 6915314955 | R53: 1354530720 | S53: 7535713 | T53: =M53/O53 -> 3.6124268 | U53: =P53/N53 -> 0.30525766 | V53: =R53/S53 -> 179.74818 | W53: 13148647 | X53: =R53/Q53 -> 0.19587405 | Y53: =R53/N53 -> 0.13608199
F54: FILTRACION Y ANALISIS S.A.S. - FILA | G54: EMPRESA OFERENTE PROCESO 2025 | M54: 4225880799 | N54: 4296622090 | O54: 1043861264 | P54: 1043861264 | Q54: 3252760826 | R54: 697372338 | S54: 790 | T54: =M54/O54 -> 4.0483165 | U54: =P54/N54 -> 0.24294928 | V54: =R54/S54 -> 882749.79 | W54: 13148648 | X54: =R54/Q54 -> 0.21439398 | Y54: =R54/N54 -> 0.16230712
E55: 800183169 2 | F55: NORQUIMICOS LTDA | G55: EMPRESA OFERENTE PROCESO 2025 | M55: 13098179000 | N55: 16615309000 | O55: 2856474000 | P55: 2863116000 | Q55: 13752193000 | R55: 1510973000 | S55: 1519000 | T55: =M55/O55 -> 4.5854361 | U55: =P55/N55 -> 0.17231795 | V55: =R55/S55 -> 994.7156 | W55: 13148649 | X55: =R55/Q55 -> 0.10987142 | Y55: =R55/N55 -> 0.090938604
F56: Biopruebas Ltda | G56: EMPRESA COTIZANTE 2026 | T56: 6.97 | U56: 0.24 | X56: 0.38 | Y56: 0.28
E57: 830034462-7 | F57: Innovación Tecnológica SAS - Innovatek | G57: EMPRESA COTIZANTE 2026 | T57: 2.25 | U57: 0.42 | V57: 8.33 | X57: 0.17 | Y57: 0.1
E58: 830034462-7 | F58: MYCLAB SAS | G58: EMPRESA COTIZANTE 2026 | T58: 90.59 | U58: 0.01 | V58: 43118.57 | X58: 0.15 | Y58: 0.15
E59: 900625659-0 | F59: INSTRUMENTACIÓN Y SOLUCIONES PARA LABORATORIO - INSOLAB SAS | G59: EMPRESA COTIZANTE 2026 | T59: 2.17 | U59: 0.59 | V59: 5.39 | X59: 0.26 | Y59: 0.11
F60: QUIMITRONICA SAS | G60: EMPRESA COTIZANTE 2026 | M60: 8689665390 | N60: 10671395143 | O60: 4571609022 | P60: 6047013482 | Q60: 4624381661 | R60: 1366897280 | S60: 313130353 | T60: =M60/O60 -> 1.9007893 | U60: =P60/N60 -> 0.56665632 | V60: =R60/S60 -> 4.365266 | W60: 13148649 | X60: =R60/Q60 -> 0.29558488 | Y60: =R60/N60 -> 0.12808984
F61: SANITAS SAS | G61: EMPRESA COTIZANTE 2026 | T61: 2.51 | U61: 1.5 | V61: 9.94 | X61: 0.26 | Y61: 0.13
F62: ADN INTERNACIONAL SAS | G62: EMPRESA COTIZANTE 2026 | T62: 2.47 | U62: 0.61 | V62: 1.65 | X62: 0.24 | Y62: 0.09
F63: AM ASESORIA Y MENTENIMIENTO LTDA | G63: EMPRESA COTIZANTE 2026 | T63: 2.96 | U63: 0.31 | V63: 8246.06 | X63: 0.2 | Y63: 0.14
F64: CASA CIENTIFICA BLANCO & COMPAÑÍA | G64: EMPRESA COTIZANTE 2026 | T64: 5.14 | U64: 0.16 | V64: 39.82 | X64: 0.1 | Y64: 0.08
A65: 33 | B65: Plenas-Individuales | C65: Estado de situación financiera, corriente/no corriente | D65: 800004599 | E65: 2024-12-31 | F65: COMERCIALIZADORA MARDEN LTDA | G65: G4669 - Comercio al por mayor de otros productos n.c.p. | H65: 03. SOCIEDAD LIMITADA | I65: CR 28 29 60 | J65: VALLE | K65: PALMIRA-VALLE | L65: Periodo Actual | M65: 16800366 | N65: 27337946 | O65: 18974674 | P65: 21478065 | Q65: 5859881 | R65: 18792 | T65: =M65/O65 -> 0.88540999 | U65: =P65/N65 -> 0.78565028 | W65: 13148626 | X65: =R65/Q65 -> 0.0032068911 | Y65: =R65/N65 -> 0.00068739619
A66: 63 | B66: Plenas-Individuales | C66: Estado de situación financiera, corriente/no corriente | D66: 800019615 | E66: 2024-12-31 | F66: SYMRISE LTDA | G66: C2029 - Fabricación de otros productos químicos n.c.p. | H66: 03. SOCIEDAD LIMITADA | I66: CR 58 9-54 | J66: BOGOTA D.C. | K66: BOGOTA D.C. | L66: Periodo Actual | M66: 237121394 | N66: 394257019 | O66: 75014105 | P66: 81273185 | Q66: 312983834 | R66: 87382375 | S66: 32011917 | T66: =M66/O66 -> 3.1610241 | U66: =P66/N66 -> 0.20614265 | V66: =R66/S66 -> 2.7296827 | W66: 13148627 | X66: =R66/Q66 -> 0.27919134 | Y66: =R66/N66 -> 0.2216381
A67: 91 | B67: Plenas-Individuales | C67: Estado de situación financiera, corriente/no corriente | D67: 800026092 | E67: 2024-12-31 | F67: HB FULLER COLOMBIA SAS | G67: C2029 - Fabricación de otros productos químicos n.c.p. | H67: 08. SOCIEDAD POR ACCIONES SIMPLIFICADA SAS | I67: CENTRO CIUDAD KARGA RIONEGRO FASE II 300 MTS GLORIETAAEROPUERTO JMC VIA GUARNE | J67: ANTIOQUIA | K67: RIONEGRO-ANTIOQUIA | L67: Periodo Actual | M67: 179638047 | N67: 208075531 | O67: 36826637 | P67: 36826637 | Q67: 171248894 | R67: 12993468 | S67: 5895440 | T67: =M67/O67 -> 4.8779379 | U67: =P67/N67 -> 0.17698687 | V67: =R67/S67 -> 2.2039861 | W67: 13148628 | X67: =R67/Q67 -> 0.075874756 | Y67: =R67/N67 -> 0.06244592
A68: 143 | B68: Plenas-Individuales | C68: Estado de situación financiera, corriente/no corriente | D68: 800044807 | E68: 2024-12-31 | F68: STEPAN COLOMBIA SAS | G68: C2011 - Fabricación de sustancias y productos químicos básicos | H68: 08. SOCIEDAD POR ACCIONES SIMPLIFICADA SAS | I68: CL 98 9A 21 | J68: BOGOTA D.C. | K68: BOGOTA D.C. | L68: Periodo Actual | M68: 85242842 | N68: 110746214 | O68: 44692967 | P68: 44992235 | Q68: 65753979 | R68: 8567432 | S68: 63286 | T68: =M68/O68 -> 1.9072988 | U68: =P68/N68 -> 0.40626432 | V68: =R68/S68 -> 135.37642 | W68: 13148629 | X68: =R68/Q68 -> 0.13029526 | Y68: =R68/N68 -> 0.077360947
A69: 171 | B69: Plenas-Individuales | C69: Estado de situación financiera, corriente/no corriente | D69: 800060704 | E69: 2024-12-31 | F69: KAMEX INTERNATIONAL SAS | G69: C3250 - Fabricación de instrumentos, aparatos y materiales médicos y odontológicos (incluido mobiliario) | H69: 08. SOCIEDAD POR ACCIONES SIMPLIFICADA SAS | I69: VTE CAJICA LOTE 2 VEREDA CALAHORRA | J69: CUNDINAMARCA | K69: CAJICA-CUNDINAMARCA | L69: Periodo Actual | M69: 5719203 | N69: 20264175 | O69: 3973123 | P69: 12842108 | Q69: 7422067 | R69: -3017909 | T69: =M69/O69 -> 1.4394729 | U69: =P69/N69 -> 0.63373456 | W69: 13148630 | X69: =R69/Q69 -> -0.40661301 | Y69: =R69/N69 -> -0.14892829
A70: 223 | B70: Plenas-Individuales | C70: Estado de situación financiera, corriente/no corriente | D70: 800083425 | E70: 2024-12-31 | F70: IDT ELECTRIC LTDA | G70: G4669 - Comercio al por mayor de otros productos n.c.p. | H70: 03. SOCIEDAD LIMITADA | I70: CLL 36 24 23 | J70: BOGOTA D.C. | K70: BOGOTA D.C. | L70: Periodo Actual | M70: 5938492 | N70: 8735246 | O70: 1758573 | P70: 2457862 | Q70: 6277384 | R70: 806246 | S70: 113095 | T70: =M70/O70 -> 3.3768811 | U70: =P70/N70 -> 0.28137296 | V70: =R70/S70 -> 7.128927 | W70: 13148631 | X70: =R70/Q70 -> 0.12843662 | Y70: =R70/N70 -> 0.09229803
A71: 233 | B71: Plenas-Individuales | C71: Estado de situación financiera, corriente/no corriente | D71: 800090902 | E71: 2024-12-31 | F71: PROCLIN PHARMA SA | G71: G4645 - Comercio al por mayor de productos farmacéuticos, medicinales, cosméticos y de tocador | H71: 01. SOCIEDAD ANÓNIMA | I71: CRA 68 D 98 A 73 | J71: BOGOTA D.C. | K71: BOGOTA D.C. | L71: Periodo Actual | M71: 22531857 | N71: 51052087 | O71: 14034979 | P71: 28323551 | Q71: 22728536 | R71: 3303094 | T71: =M71/O71 -> 1.6054072 | U71: =P71/N71 -> 0.55479712 | W71: 13148632 | X71: =R71/Q71 -> 0.14532806 | Y71: =R71/N71 -> 0.06470047
A72: 239 | B72: Plenas-Individuales | C72: Estado de situación financiera, corriente/no corriente | D72: 800092641 | E72: 2024-12-31 | F72: LABORATORIOS RICHMOND COLOMBIA S.A.S | G72: G4645 - Comercio al por mayor de productos farmacéuticos, medicinales, cosméticos y de tocador | H72: 08. SOCIEDAD POR ACCIONES SIMPLIFICADA SAS | I72: CL 100 19A 50 P 9 ED INTENATIONAL TOWECL 100 19A 50 P 9 ED INTENATIONAL TOWER | J72: BOGOTA D.C. | K72: BOGOTA D.C. | L72: Periodo Actual | M72: 22254226 | N72: 48970823 | O72: 29889198 | P72: 34344983 | Q72: 14625840 | R72: 2471133 | T72: =M72/O72 -> 0.74455748 | U72: =P72/N72 -> 0.70133563 | W72: 13148633 | X72: =R72/Q72 -> 0.16895665 | Y72: =R72/N72 -> 0.050461333
A73: 257 | B73: Plenas-Individuales | C73: Estado de situación financiera, corriente/no corriente | D73: 800100610 | E73: 2024-12-31 | F73: ADIUM S.A.S | G73: G4645 - Comercio al por mayor de productos farmacéuticos, medicinales, cosméticos y de tocador | H73: 08. SOCIEDAD POR ACCIONES SIMPLIFICADA SAS | I73: CRA. 16 NO. 85-96 | J73: BOGOTA D.C. | K73: BOGOTA D.C. | L73: Periodo Actual | M73: 172200575 | N73: 211899819 | O73: 140392886 | P73: 147324670 | Q73: 64575149 | R73: 33144163 | S73: 6141700 | T73: =M73/O73 -> 1.226562 | U73: =P73/N73 -> 0.69525623 | V73: =R73/S73 -> 5.396578 | W73: 13148634 | X73: =R73/Q73 -> 0.51326499 | Y73: =R73/N73 -> 0.15641431
A74: 297 | B74: Plenas-Individuales | C74: Estado de situación financiera, corriente/no corriente | D74: 800116871 | E74: 2024-12-31 | F74: C.I.IMPORTEX S.A. | G74: G4669 - Comercio al por mayor de otros productos n.c.p. | H74: 01. SOCIEDAD ANÓNIMA | I74: CRA 16A 78 11 OF.501 | J74: BOGOTA D.C. | K74: BOGOTA D.C. | L74: Periodo Actual | M74: 118714937 | N74: 120238388 | O74: 109251647 | P74: 109334674 | Q74: 10903714 | R74: 15205551 | S74: 58848 | T74: =M74/O74 -> 1.0866192 | U74: =P74/N74 -> 0.90931587 | V74: =R74/S74 -> 258.38688 | W74: 13148635 | X74: =R74/Q74 -> 1.3945295 | Y74: =R74/N74 -> 0.1264617
A75: 351 | B75: Plenas-Individuales | C75: Estado de situación financiera, corriente/no corriente | D75: 800137370 | E75: 2024-12-31 | F75: FONANDES SAS | G75: C2029 - Fabricación de otros productos químicos n.c.p. | H75: 08. SOCIEDAD POR ACCIONES SIMPLIFICADA SAS | I75: LT BELLAVISTA VEREDA CANAVITA ENTRADA COLPAPEL | J75: CUNDINAMARCA | K75: SOPO-CUNDINAMARCA | L75: Periodo Actual | M75: 15675920 | N75: 25456337 | O75: 5566379 | P75: 7530890 | Q75: 17925447 | R75: 6047000 | S75: 1805515 | T75: =M75/O75 -> 2.8161791 | U75: =P75/N75 -> 0.29583557 | V75: =R75/S75 -> 3.3491829 | W75: 13148636 | X75: =R75/Q75 -> 0.33734166 | Y75: =R75/N75 -> 0.237544
A76: 415 | B76: Plenas-Individuales | C76: Estado de situación financiera, corriente/no corriente | D76: 800158193 | E76: 2024-12-31 | F76: ASESORES BIOCIENTIFICOS ASOCIADOS S.A.S. | G76: G4645 - Comercio al por mayor de productos farmacéuticos, medicinales, cosméticos y de tocador | H76: 08. SOCIEDAD POR ACCIONES SIMPLIFICADA SAS | I76: CR 58 9-40 | J76: ANTIOQUIA | K76: MEDELLIN-ANTIOQUIA | L76: Periodo Actual | M76: 17754850 | N76: 22033058 | O76: 6183125 | P76: 7319679 | Q76: 14713379 | R76: 2720309 | S76: 702378 | T76: =M76/O76 -> 2.8715011 | U76: =P76/N76 -> 0.33221349 | V76: =R76/S76 -> 3.8729986 | W76: 13148637 | X76: =R76/Q76 -> 0.18488676 | Y76: =R76/N76 -> 0.12346489
A77: 457 | B77: Plenas-Individuales | C77: Estado de situación financiera, corriente/no corriente | D77: 800173424 | E77: 2024-12-31 | F77: PERFUMES Y COSMETICOS INTERNACIONALES PERCOINT S.A | G77: G4645 - Comercio al por mayor de productos farmacéuticos, medicinales, cosméticos y de tocador | H77: 01. SOCIEDAD ANÓNIMA | I77: CL 100 8A 49 TR B OF 1008 | J77: BOGOTA D.C. | K77: BOGOTA D.C. | L77: Periodo Actual | M77: 8282689 | N77: 23158736 | O77: 6570687 | P77: 19114010 | Q77: 4044726 | R77: -1851524 | S77: 60448 | T77: =M77/O77 -> 1.2605514 | U77: =P77/N77 -> 0.82534772 | V77: =R77/S77 -> -30.630029 | W77: 13148638 | X77: =R77/Q77 -> -0.45776253 | Y77: =R77/N77 -> -0.079949268
A78: 459 | B78: Plenas-Individuales | C78: Estado de situación financiera, corriente/no corriente | D78: 800174043 | E78: 2024-12-31 | F78: ORTOMAC S.A.S. | G78: G4645 - Comercio al por mayor de productos farmacéuticos, medicinales, cosméticos y de tocador | H78: 08. SOCIEDAD POR ACCIONES SIMPLIFICADA SAS | I78: CR 52 79 73 | J78: BOGOTA D.C. | K78: BOGOTA D.C. | L78: Periodo Actual | M78: 14817924 | N78: 21503394 | O78: 3088813 | P78: 5553332 | Q78: 15950062 | R78: 3304415 | S78: 184142 | T78: =M78/O78 -> 4.7972875 | U78: =P78/N78 -> 0.25825374 | V78: =R78/S78 -> 17.944928 | W78: 13148639 | X78: =R78/Q78 -> 0.20717255 | Y78: =R78/N78 -> 0.15366946
A79: 471 | B79: Plenas-Individuales | C79: Estado de situación financiera, corriente/no corriente | D79: 800179883 | E79: 2024-12-31 | F79: LABORATORIOS BAGO DE COLOMBIA SAS | G79: G4645 - Comercio al por mayor de productos farmacéuticos, medicinales, cosméticos y de tocador | H79: 08. SOCIEDAD POR ACCIONES SIMPLIFICADA SAS | I79: CL 4 2 ESTE 00 PAR K2 BG 12 | J79: CUNDINAMARCA | K79: CHIA-CUNDINAMARCA | L79: Periodo Actual | M79: 17091570 | N79: 20566066 | O79: 5660911 | P79: 6793835 | Q79: 13772231 | R79: 3863877 | T79: =M79/O79 -> 3.0192261 | U79: =P79/N79 -> 0.33034198 | W79: 13148640 | X79: =R79/Q79 -> 0.28055563 | Y79: =R79/N79 -> 0.18787633
A80: 515 | B80: Plenas-Individuales | C80: Estado de situación financiera, corriente/no corriente | D80: 800200934 | E80: 2024-12-31 | F80: TETRA PAK LTDA BIC | G80: G4669 - Comercio al por mayor de otros productos n.c.p. | H80: 03. SOCIEDAD LIMITADA | I80: CRA 11A 94-25/45 PISO 6 | J80: BOGOTA D.C. | K80: BOGOTA D.C. | L80: Periodo Actual | M80: 206919066 | N80: 295986810 | O80: 264407890 | P80: 267423447 | Q80: 28563363 | R80: 31381078 | T80: =M80/O80 -> 0.78257523 | U80: =P80/N80 -> 0.90349785 | W80: 13148641 | X80: =R80/Q80 -> 1.0986479 | Y80: =R80/N80 -> 0.10602188
A81: 523 | B81: Plenas-Individuales | C81: Estado de situación financiera, corriente/no corriente | D81: 800203984 | E81: 2024-12-31 | F81: SIMONIZ SA | G81: C2029 - Fabricación de otros productos químicos n.c.p. | H81: 01. SOCIEDAD ANÓNIMA | I81: AVENIDA TRONCAL DE OCCIDENTE Nº 14E & 15E - 79 BODEGAS D-4 D-7 D-8 Y D-9 MILANO 1 - CENTRO INDUSTRIAL Y LOGISTICO | J81: CUNDINAMARCA | K81: MOSQUERA-CUNDINAMARCA | L81: Periodo Actual | M81: 113558178 | N81: 151703568 | O81: 52659525 | P81: 100464616 | Q81: 51238952 | R81: 10080742 | S81: 1012995 | T81: =M81/O81 -> 2.1564604 | U81: =P81/N81 -> 0.66224293 | V81: =R81/S81 -> 9.9514233 | W81: 13148642 | X81: =R81/Q81 -> 0.19673982 | Y81: =R81/N81 -> 0.066450263
A82: 529 | B82: Plenas-Individuales | C82: Estado de situación financiera, corriente/no corriente | D82: 800205416 | E82: 2024-12-31 | F82: PERCOS SA | G82: G4645 - Comercio al por mayor de productos farmacéuticos, medicinales, cosméticos y de tocador | H82: 01. SOCIEDAD ANÓNIMA | I82: KR 19 A 90 13 PISO 9 | J82: BOGOTA D.C. | K82: BOGOTA D.C. | L82: Periodo Actual | M82: 55875790 | N82: 61414330 | O82: 27129147 | P82: 31429975 | Q82: 29984355 | R82: 11751592 | S82: 2824520 | T82: =M82/O82 -> 2.0596221 | U82: =P82/N82 -> 0.5117694 | V82: =R82/S82 -> 4.1605625 | W82: 13148643 | X82: =R82/Q82 -> 0.39192412 | Y82: =R82/N82 -> 0.19134935
A83: 573 | B83: Plenas-Individuales | C83: Estado de situación financiera, corriente/no corriente | D83: 800220041 | E83: 2024-12-31 | F83: NUTRESOL SAS | G83: C2029 - Fabricación de otros productos químicos n.c.p. | H83: 08. SOCIEDAD POR ACCIONES SIMPLIFICADA SAS | I83: PARQUIAMERICA ZONA INDUSTRIAL MAMONAL KM 6 LOTE 9 MANZANA C CARTAGENA, BOLIVAR , COLOMBIA | J83: BOLIVAR | K83: CARTAGENA-BOLIVAR | L83: Periodo Actual | M83: 19368675 | N83: 29093970 | O83: 4429735 | P83: 5577094 | Q83: 23516876 | R83: 3358037 | S83: 6996032 | T83: =M83/O83 -> 4.372423 | U83: =P83/N83 -> 0.19169244 | V83: =R83/S83 -> 0.47999166 | W83: 13148644 | X83: =R83/Q83 -> 0.14279265 | Y83: =R83/N83 -> 0.11542038
A84: 599 | B84: Plenas-Individuales | C84: Estado de situación financiera, corriente/no corriente | D84: 800228878 | E84: 2024-12-31 | F84: ILKO ARCOASEO SAS | G84: G4669 - Comercio al por mayor de otros productos n.c.p. | H84: 08. SOCIEDAD POR ACCIONES SIMPLIFICADA SAS | I84: CL 9 40 105 | J84: VALLE | K84: CALI-VALLE | L84: Periodo Actual | M84: 42383561 | N84: 43095433 | O84: 33058768 | P84: 33058768 | Q84: 10036665 | R84: 252799 | T84: =M84/O84 -> 1.2820672 | U84: =P84/N84 -> 0.76710606 | W84: 13148645 | X84: =R84/Q84 -> 0.02518755 | Y84: =R84/N84 -> 0.0058660276
A85: 619 | B85: Plenas-Individuales | C85: Estado de situación financiera, corriente/no corriente | D85: 800232359 | E85: 2024-12-31 | F85: FAES FARMA COLOMBIA SAS | G85: G4645 - Comercio al por mayor de productos farmacéuticos, medicinales, cosméticos y de tocador | H85: 08. SOCIEDAD POR ACCIONES SIMPLIFICADA SAS | I85: Av. Cra 7 # 155 C 20 - 30 | North Point Torre E Piso 36 | J85: BOGOTA D.C. | K85: BOGOTA D.C. | L85: Periodo Actual | M85: 89700600 | N85: 95660689 | O85: 22715755 | P85: 24750775 | Q85: 70909914 | R85: 18688572 | S85: 893719 | T85: =M85/O85 -> 3.9488276 | U85: =P85/N85 -> 0.25873507 | V85: =R85/S85 -> 20.911016 | W85: 13148646 | X85: =R85/Q85 -> 0.26355373 | Y85: =R85/N85 -> 0.19536313
A86: 621 | B86: Plenas-Individuales | C86: Estado de situación financiera, corriente/no corriente | D86: 800232449 | E86: 2024-12-31 | F86: DANFOSS S.A.S | G86: G4669 - Comercio al por mayor de otros productos n.c.p. | H86: 08. SOCIEDAD POR ACCIONES SIMPLIFICADA SAS | I86: CL 84A N.12-18 OFC 305 | J86: BOGOTA D.C. | K86: BOGOTA D.C. | L86: Periodo Actual | M86: 37652525 | N86: 38742847 | O86: 29237791 | P86: 29459512 | Q86: 9283335 | R86: 3560608 | T86: =M86/O86 -> 1.2878033 | U86: =P86/N86 -> 0.76038583 | W86: 13148647 | X86: =R86/Q86 -> 0.38354837 | Y86: =R86/N86 -> 0.091903623
A87: 671 | B87: Plenas-Individuales | C87: Estado de situación financiera, corriente/no corriente | D87: 800250382 | E87: 2024-12-31 | F87: AMAREY NOVA MEDICAL S A | G87: G4645 - Comercio al por mayor de productos farmacéuticos, medicinales, cosméticos y de tocador | H87: 01. SOCIEDAD ANÓNIMA | I87: CRA 7 99 53 TORRE 2 PISO 19 -20 | J87: BOGOTA D.C. | K87: BOGOTA D.C. | L87: Periodo Actual | M87: 151473957 | N87: 179131766 | O87: 131032237 | P87: 135585253 | Q87: 43546513 | R87: 23131205 | S87: 6924108 | T87: =M87/O87 -> 1.1560053 | U87: =P87/N87 -> 0.75690234 | V87: =R87/S87 -> 3.3406765 | W87: 13148648 | X87: =R87/Q87 -> 0.53118386 | Y87: =R87/N87 -> 0.12912955
A88: 679 | B88: Plenas-Individuales | C88: Estado de situación financiera, corriente/no corriente | D88: 800251760 | E88: 2024-12-31 | F88: BIOTOSCANA FARMA S.A. | G88: G4645 - Comercio al por mayor de productos farmacéuticos, medicinales, cosméticos y de tocador | H88: 01. SOCIEDAD ANÓNIMA | I88: Avenida Carrera 45 108 27 TORRE 3 OFICINA 1901 | J88: BOGOTA D.C. | K88: BOGOTA D.C. | L88: Periodo Actual | M88: 142164583 | N88: 170447566 | O88: 109896146 | P88: 118387600 | Q88: 52059966 | R88: -5693579 | S88: 463588 | T88: =M88/O88 -> 1.2936266 | U88: =P88/N88 -> 0.69456903 | V88: =R88/S88 -> -12.28155 | W88: 13148649 | X88: =R88/Q88 -> -0.10936578 | Y88: =R88/N88 -> -0.033403698
A89: 699 | B89: Plenas-Individuales | C89: Estado de situación financiera, corriente/no corriente | D89: 802000335 | E89: 2024-12-31 | F89: VYGON COLOMBIA S.A.S. | G89: C3250 - Fabricación de instrumentos, aparatos y materiales médicos y odontológicos (incluido mobiliario) | H89: 08. SOCIEDAD POR ACCIONES SIMPLIFICADA SAS | I89: Calle 79 N° 74 - 29 | J89: ATLANTICO | K89: BARRANQUILLA-ATLANTICO | L89: Periodo Actual | M89: 42466933 | N89: 56377082 | O89: 21658724 | P89: 22161477 | Q89: 34215605 | R89: 2861791 | T89: =M89/O89 -> 1.9607311 | U89: =P89/N89 -> 0.39309372 | W89: 13148650 | X89: =R89/Q89 -> 0.083639936 | Y89: =R89/N89 -> 0.050761602
A90: 721 | B90: Plenas-Individuales | C90: Estado de situación financiera, corriente/no corriente | D90: 802009120 | E90: 2024-12-31 | F90: CI PROCAPS S.A | G90: G4645 - Comercio al por mayor de productos farmacéuticos, medicinales, cosméticos y de tocador | H90: 01. SOCIEDAD ANÓNIMA | I90: CL 80 78B 2021 | J90: ATLANTICO | K90: BARRANQUILLA-ATLANTICO | L90: Periodo Actual | M90: 58114395 | N90: 66013499 | O90: 67907780 | P90: 70982903 | Q90: -4969404 | R90: 3069731 | S90: 0 | T90: =M90/O90 -> 0.85578405 | U90: =P90/N90 -> 1.0752786 | W90: 13148651 | X90: =R90/Q90 -> -0.61772619 | Y90: =R90/N90 -> 0.046501565
A91: 777 | B91: Plenas-Individuales | C91: Estado de situación financiera, corriente/no corriente | D91: 805001194 | E91: 2024-12-31 | F91: ABBOTT RAPID DIAGNOSTICS COLOMBIA S.A.S | G91: G4645 - Comercio al por mayor de productos farmacéuticos, medicinales, cosméticos y de tocador | H91: 08. SOCIEDAD POR ACCIONES SIMPLIFICADA SAS | I91: Cl 110 No. 9 -25 Of 501 | J91: BOGOTA D.C. | K91: BOGOTA D.C. | L91: Periodo Actual | M91: 80855297 | N91: 85556035 | O91: 11514212 | P91: 11803886 | Q91: 73752149 | R91: 7795844 | S91: 2753122 | T91: =M91/O91 -> 7.0222172 | U91: =P91/N91 -> 0.13796673 | V91: =R91/S91 -> 2.8316377 | W91: 13148652 | X91: =R91/Q91 -> 0.10570328 | Y91: =R91/N91 -> 0.091119744
A92: 909 | B92: Plenas-Individuales | C92: Estado de situación financiera, corriente/no corriente | D92: 810004060 | E92: 2024-12-31 | F92: INDUSERVI SAS | G92: G4669 - Comercio al por mayor de otros productos n.c.p. | H92: 08. SOCIEDAD POR ACCIONES SIMPLIFICADA SAS | I92: CALLE 13A 100 35 OF 611 | J92: VALLE | K92: CALI-VALLE | L92: Periodo Actual | M92: 17778517 | N92: 24304660 | O92: 7366304 | P92: 8519335 | Q92: 15785325 | R92: 804561 | S92: 737782 | T92: =M92/O92 -> 2.4134922 | U92: =P92/N92 -> 0.3505227 | V92: =R92/S92 -> 1.0905132 | W92: 13148653 | X92: =R92/Q92 -> 0.050968922 | Y92: =R92/N92 -> 0.033103158
A93: 985 | B93: Plenas-Individuales | C93: Estado de situación financiera, corriente/no corriente | D93: 811023371 | E93: 2024-12-31 | F93: MANE SUCURSAL COLOMBIA | G93: C2029 - Fabricación de otros productos químicos n.c.p. | H93: 02. SUCURSAL EXTRANJERA | I93: AUT MEDELLIN BOGOTA VIA AEROPUERTO KM 1.2 PARUQE INDUSTRIAL ELITE MZ 14 | J93: ANTIOQUIA | K93: GUARNE-ANTIOQUIA | L93: Periodo Actual | M93: 56248695 | N93: 116704008 | O93: 27549266 | P93: 29877214 | Q93: 86826794 | R93: 12721384 | S93: 877375 | T93: =M93/O93 -> 2.0417493 | U93: =P93/N93 -> 0.25600847 | V93: =R93/S93 -> 14.499369 | W93: 13148654 | X93: =R93/Q93 -> 0.1465145 | Y93: =R93/N93 -> 0.10900555
A94: 1091 | B94: Plenas-Individuales | C94: Estado de situación financiera, corriente/no corriente | D94: 815003696 | E94: 2024-12-31 | F94: COMERCIALIZADORA INTERNACIONAL TZF S.A.S. | G94: C2029 - Fabricación de otros productos químicos n.c.p. | H94: 08. SOCIEDAD POR ACCIONES SIMPLIFICADA SAS | I94: Recta Cali - Palmira, Km. 18, Vereda La Herradura | J94: VALLE | K94: PALMIRA-VALLE | L94: Periodo Actual | M94: 1343367 | N94: 1343367 | O94: 12128 | P94: 12128 | Q94: 1331239 | R94: -114935 | S94: 112139 | T94: =M94/O94 -> 110.76575 | U94: =P94/N94 -> 0.0090280616 | V94: =R94/S94 -> -1.0249333 | W94: 13148655 | X94: =R94/Q94 -> -0.086336864 | Y94: =R94/N94 -> -0.085557409
A95: 1129 | B95: Plenas-Individuales | C95: Estado de situación financiera, corriente/no corriente | D95: 817000771 | E95: 2024-12-31 | F95: QUIMICOS DEL CAUCA SAS | G95: C2011 - Fabricación de sustancias y productos químicos básicos | H95: 08. SOCIEDAD POR ACCIONES SIMPLIFICADA SAS | I95: CR 100 NRO. 16 20 OF 603 | J95: VALLE | K95: CALI-VALLE | L95: Periodo Actual | M95: 129459832 | N95: 229555088 | O95: 156697556 | P95: 173732572 | Q95: 55822516 | R95: 29455773 | S95: 10609111 | T95: =M95/O95 -> 0.82617646 | U95: =P95/N95 -> 0.75682301 | V95: =R95/S95 -> 2.7764601 | W95: 13148656 | X95: =R95/Q95 -> 0.52766832 | Y95: =R95/N95 -> 0.12831679
A96: 1137 | B96: Plenas-Individuales | C96: Estado de situación financiera, corriente/no corriente | D96: 817001644 | E96: 2024-12-31 | F96: GENFAR SA | G96: G4645 - Comercio al por mayor de productos farmacéuticos, medicinales, cosméticos y de tocador | H96: 01. SOCIEDAD ANÓNIMA | I96: AK 68 17 64 | J96: BOGOTA D.C. | K96: BOGOTA D.C. | L96: Periodo Actual | M96: 374050165 | N96: 403570505 | O96: 137290014 | P96: 137290014 | Q96: 266280491 | R96: 87663226 | S96: 2677344 | T96: =M96/O96 -> 2.7245257 | U96: =P96/N96 -> 0.34018842 | V96: =R96/S96 -> 32.742608 | W96: 13148657 | X96: =R96/Q96 -> 0.32921385 | Y96: =R96/N96 -> 0.21721911
A97: 1227 | B97: Plenas-Individuales | C97: Estado de situación financiera, corriente/no corriente | D97: 830009573 | E97: 2024-12-31 | F97: COLNOTEX SAS | G97: G4669 - Comercio al por mayor de otros productos n.c.p. | H97: 08. SOCIEDAD POR ACCIONES SIMPLIFICADA SAS | I97: CRA 2 N 48 07 | J97: CUNDINAMARCA | K97: SOACHA-CUNDINAMARCA | L97: Periodo Actual | M97: 82938467 | N97: 96543184 | O97: 56666432 | P97: 69749163 | Q97: 26794021 | R97: 9818039 | S97: 2579849 | T97: =M97/O97 -> 1.4636261 | U97: =P97/N97 -> 0.72246595 | V97: =R97/S97 -> 3.8056642 | W97: 13148658 | X97: =R97/Q97 -> 0.36642649 | Y97: =R97/N97 -> 0.10169583
A98: 1243 | B98: Plenas-Individuales | C98: Estado de situación financiera, corriente/no corriente | D98: 830012269 | E98: 2024-12-31 | F98: GALDERMA DE COLOMBIA SAGALDERMA DE COLOMBIA SA | G98: G4645 - Comercio al por mayor de productos farmacéuticos, medicinales, cosméticos y de tocador | H98: 01. SOCIEDAD ANÓNIMA | I98: CL 127A 53A 45 T3 OF 3002 | J98: BOGOTA D.C. | K98: BOGOTA D.C. | L98: Periodo Actual | M98: 157466610 | N98: 164052805 | O98: 157356215 | P98: 157356215 | Q98: 6696590 | R98: 4775504 | S98: 2183676 | T98: =M98/O98 -> 1.0007016 | U98: =P98/N98 -> 0.95918028 | V98: =R98/S98 -> 2.1869105 | W98: 13148659 | X98: =R98/Q98 -> 0.71312474 | Y98: =R98/N98 -> 0.029109554
A99: 1253 | B99: Plenas-Individuales | C99: Estado de situación financiera, corriente/no corriente | D99: 830012969 | E99: 2024-12-31 | F99: GlaxoSmithKline Colombia S.A. | G99: G4645 - Comercio al por mayor de productos farmacéuticos, medicinales, cosméticos y de tocador | H99: 01. SOCIEDAD ANÓNIMA | I99: Av. Calle 116 N. 7-15 Interior 2 Oficina 601A Bogotá D.C. | J99: BOGOTA D.C. | K99: BOGOTA D.C. | L99: Periodo Actual | M99: 398792046 | N99: 422565234 | O99: 188962235 | P99: 197282617 | Q99: 225282617 | R99: 103755471 | S99: 90177202 | T99: =M99/O99 -> 2.1104325 | U99: =P99/N99 -> 0.46686902 | V99: =R99/S99 -> 1.1505732 | W99: 13148660 | X99: =R99/Q99 -> 0.46055693 | Y99: =R99/N99 -> 0.24553717
A100: 1269 | B100: Plenas-Individuales | C100: Estado de situación financiera, corriente/no corriente | D100: 830015923 | E100: 2024-12-31 | F100: MERCK SHARP & DOHME SALUD ANIMAL COLOMBIA S. A. S | G100: G4645 - Comercio al por mayor de productos farmacéuticos, medicinales, cosméticos y de tocador | H100: 08. SOCIEDAD POR ACCIONES SIMPLIFICADA SAS | I100: CALLE 127 A 53 A 45 T 3 P 8 | J100: BOGOTA D.C. | K100: BOGOTA D.C. | L100: Periodo Actual | M100: 128341616 | N100: 133366580 | O100: 112375851 | P100: 112375851 | Q100: 20990729 | R100: 4059639 | T100: =M100/O100 -> 1.1420747 | U100: =P100/N100 -> 0.84260878 | W100: 13148661 | X100: =R100/Q100 -> 0.19340153 | Y100: =R100/N100 -> 0.030439702
A101: 1279 | B101: Plenas-Individuales | C101: Estado de situación financiera, corriente/no corriente | D101: 830018146 | E101: 2024-12-31 | F101: ROCKWELL AUTOMATION COLOMBIA S.A | G101: G4669 - Comercio al por mayor de otros productos n.c.p. | H101: 01. SOCIEDAD ANÓNIMA | I101: CRA 7 156 78 TO 2 PISO 19 Y 20 | J101: BOGOTA D.C. | K101: BOGOTA D.C. | L101: Periodo Actual | M101: 157089956 | N101: 174969404 | O101: 133020367 | P101: 134781582 | Q101: 40187822 | R101: 14900361 | T101: =M101/O101 -> 1.1809466 | U101: =P101/N101 -> 0.77031515 | W101: 13148662 | X101: =R101/Q101 -> 0.37076807 | Y101: =R101/N101 -> 0.085159809
A102: 1303 | B102: Plenas-Individuales | C102: Estado de situación financiera, corriente/no corriente | D102: 830023671 | E102: 2024-12-31 | F102: ORIFLAME DE COLOMBIA S.A | G102: G4645 - Comercio al por mayor de productos farmacéuticos, medicinales, cosméticos y de tocador | H102: 01. SOCIEDAD ANÓNIMA | I102: CALLE 125 N 21A 27 OFC 201 | J102: BOGOTA D.C. | K102: BOGOTA D.C. | L102: Periodo Actual | M102: 10549112 | N102: 13641923 | O102: 11462553 | P102: 12400159 | Q102: 1241764 | R102: 1997027 | T102: =M102/O102 -> 0.92031086 | U102: =P102/N102 -> 0.90897442 | W102: 13148663 | X102: =R102/Q102 -> 1.6082178 | Y102: =R102/N102 -> 0.14638897
A103: 1307 | B103: Plenas-Individuales | C103: Estado de situación financiera, corriente/no corriente | D103: 830023844 | E103: 2024-12-31 | F103: BIOMERIEUX COLOMBIA SAS | G103: G4645 - Comercio al por mayor de productos farmacéuticos, medicinales, cosméticos y de tocador | H103: 08. SOCIEDAD POR ACCIONES SIMPLIFICADA SAS | I103: CR 9A #99-02 OF 706 | J103: BOGOTA D.C. | K103: BOGOTA D.C. | L103: Periodo Actual | M103: 117557044 | N103: 162853670 | O103: 79511442 | P103: 94158480 | Q103: 68695190 | R103: 14157614 | T103: =M103/O103 -> 1.4784922 | U103: =P103/N103 -> 0.57817843 | W103: 13148664 | X103: =R103/Q103 -> 0.20609324 | Y103: =R103/N103 -> 0.086934571
A104: 1309 | B104: Plenas-Individuales | C104: Estado de situación financiera, corriente/no corriente | D104: 830024737 | E104: 2024-12-31 | F104: QUIMIOLAB SAS | G104: G4669 - Comercio al por mayor de otros productos n.c.p. | H104: 08. SOCIEDAD POR ACCIONES SIMPLIFICADA SAS | I104: CL 77 28B 13 | J104: BOGOTA D.C. | K104: BOGOTA D.C. | L104: Periodo Actual | M104: 11195534 | N104: 25091618 | O104: 6504710 | P104: 8416107 | Q104: 16675511 | R104: 2859705 | S104: 26 | T104: =M104/O104 -> 1.7211427 | U104: =P104/N104 -> 0.33541508 | V104: =R104/S104 -> 109988.65 | W104: 13148665 | X104: =R104/Q104 -> 0.1714913 | Y104: =R104/N104 -> 0.11397053
A105: 1311 | B105: Plenas-Individuales | C105: Estado de situación financiera, corriente/no corriente | D105: 830024974 | E105: 2024-12-31 | F105: NATURA COMESTICOS LTDA | G105: G4645 - Comercio al por mayor de productos farmacéuticos, medicinales, cosméticos y de tocador | H105: 03. SOCIEDAD LIMITADA | I105: Cra. 19 No 100 - 45 Piso 3 | J105: BOGOTA D.C. | K105: BOGOTA D.C. | L105: Periodo Actual | M105: 252274111 | N105: 343907938 | O105: 254877861 | P105: 258179534 | Q105: 85728404 | R105: 27515325 | S105: 11896803 | T105: =M105/O105 -> 0.98978432 | U105: =P105/N105 -> 0.75072281 | V105: =R105/S105 -> 2.3128335 | W105: 13148666 | X105: =R105/Q105 -> 0.32095926 | Y105: =R105/N105 -> 0.080007822
...

Sheet Indices act
L1: historico | T1: 3 | U1: 0.51 | V1: 2.74 | W1: 0.19 | X1: 0.09
I3: Fuente Datos/Indicador | J3: Tipo empresa | K3: Tamaño Muestra | L3: Formula | T3: Indicadores Financieros | W3: Indicadores Organizacionales
T4: Indice de Liquidez | U4: Indice de Endeudamiento | V4: Razón de Cobertura de Intereses | W4: Rentabilidad del Patrimonio | X4: Rentabilidad del Activo
I5: Super Sociedades | J5: Plenas Ind. Plenas Sep. Pymes Ind. Pymes Sep | K5: Total empresas (866) + 31 | L5: Desviación Estandar | T5: =STDEVA(T13:T897) -> 8.925368 | U5: =STDEVA(U13:U897) -> 1.0144662 | V5: =STDEVA(V13:V897) -> 146719.32 | W5: =STDEVA(W13:W897) -> 1.316908 | X5: =STDEVA(X13:X897) -> 0.30008271 | Z5: PRESUPUESTO 2025 | AA5: 11594997534
L6: Promedio | T6: =AVERAGE(T13:T897) -> 3.8092897 | U6: =AVERAGE(U13:U897) -> 0.58942508 | V6: =AVERAGE(V13:V897) -> 7226.3112 | W6: =AVERAGE(W13:W897) -> 0.15539754 | X6: =AVERAGE(X13:X897) -> 0.078826989 | Z6: PRESUPUESTO 2026 | AA6: 9689754813
L7: Mediana | T7: =MEDIAN(T13:T897) -> 2.042389 | U7: =MEDIAN(U13:U897) -> 0.50601591 | V7: =MEDIAN(V13:V897) -> 3.0802435 | W7: =MEDIAN(W13:W897) -> 0.18939925 | X7: =MEDIAN(X13:X897) -> 0.088985227
L8: Menor Valor | T8: =MIN(T13:T897) -> 0.050740831 | U8: =MIN(U13:U897) -> 0.0070833918 | V8: =MIN(V13:V897) -> -27431.855 | W8: =MIN(W13:W897) -> -33.395452 | X8: =MIN(X13:X897) -> -7.5143882
L9: Mayor Valor | T9: =MAX(T13:T897) -> 138.69153 | U9: =MAX(U13:U897) -> 26.186718 | V9: =MAX(V13:V897) -> 3535663.3 | W9: =MAX(W13:W897) -> 3.4644813 | X9: =MAX(X13:X897) -> 0.71807463
B11: Punto de entrada | C11: Formulario | D11: NIT | E11: Fecha de Corte | F11: Razón social de la sociedad | G11: Clasificación Industrial Internacional Uniforme Versión 4 A.C (CIIU) | H11: Tipo societario | I11: Dirección de notificación judicial registrada en Cámara de Comercio | J11: Departamento de la dirección del domicilio | K11: Ciudad de la dirección del domicilio | L11: Periodo | M11: Activos corrientes totales (CurrentAssets) | N11: Total de activos (Assets) | O11: Pasivos corrientes totales (CurrentLiabilities) | P11: Total pasivos (Liabilities) | Q11: Patrimonio total (Equity) | R11: Ganancia (pérdida) por actividades de operación (ProfitLossFromOperatingActivities) | S11: Costos financieros (FinanceCosts) | T11: Indice de Liquidez | U11: Indice de Endeudamiento | V11: Razón de Cobertura de Intereses | W11: Rentabilidad del Patrimonio | X11: Rentabilidad del Activo
F12: INDICADORES HISTORICOS | T12: 3 | U12: 0.51 | V12: 2.74 | W12: 0.19 | X12: 0.09
F13: QUIMICOS Y REACTIVOS SAS | G13: EMPRESA OFERENTE PROCESO 2025 | T13: 2.97 | U13: 0.21 | V13: 116.55 | W13: 0.31 | X13: 0.24
F14: QUIMMEC SAS | G14: EMPRESA OFERENTE PROCESO 2025 | T14: 2.86 | U14: 0.3 | W14: 0.65 | X14: 0.45
F15: FILTRACION Y ANALISIS S.A.S. - FILA | G15: EMPRESA OFERENTE PROCESO 2025 | T15: 4.36 | U15: 0.22 | V15: 544809 | W15: 0.19 | X15: 0.15
F16: A M ASESORIA Y MANTENIMIENTO LTDA | G16: EMPRESA COTIZANTE 2026 | T16: 4.48 | U16: 0.2 | V16: 1122.38 | W16: 0.1 | X16: 0.08
F17: EQUIPOS Y LABORATORIO DE COLOMBIA S.A.S. | G17: EMPRESA OFERENTE PROCESO 2025 | T17: 3.02 | U17: 0.55 | V17: 2.04 | W17: 0.2 | X17: 0.09
F18: SANITAS SAS | G18: EMPRESA COTIZANTE 2026 | T18: 3.11 | U18: 0.49 | V18: 5.4 | W18: 0.35 | X18: 0.17
F19: CASA CIENTIFICA BLANCO Y COMPAÑIA S.A.S | G19: EMPRESA COTIZANTE 2026 | T19: 3 | U19: 0.27 | V19: 53.63 | W19: 0.15 | X19: 0.11
F20: BIOPRUEBAS LTDA | G20: EMPRESA COTIZANTE 2026 | T20: 9.34 | U20: 0.19 | W20: 0.34 | X20: 0.27
F21: ADN INTERNACIONAL S.A.S | G21: EMPRESA COTIZANTE 2026 | T21: 2.47 | U21: 0.61 | V21: 1.65 | W21: 0.24 | X21: 0.09
F22: MAXICAL S.A.S | G22: EMPRESA OFERENTE PROCESO 2025 | T22: 19.31 | U22: 0.22 | V22: 22.95 | W22: 0.37 | X22: 0.28
F23: SOCIEDAD ANDINA DE IMPORTACIONES Y REPUESTOS LTDA SADIREP | G23: EMPRESA OFERENTE PROCESO 2025 | T23: 14.53 | U23: 0.06 | W23: 0.25 | X23: 0.24
F24: GENPRODUCTS COMPANY SAS | G24: EMPRESA OFERENTE PROCESO 2025 | T24: 3.12 | U24: 0.19 | V24: 7014.96 | W24: 0.21 | X24: 0.17
F25: QUIMITRONICA SAS | G25: EMPRESA COTIZANTE 2026 | T25: 2.21 | U25: 0.44 | V25: 4.26 | W25: 0.22 | X25: 0.12
F26: AVANTIKA COLOMBIA S.A.S. | G26: EMPRESA OFERENTE PROCESO 2025 | T26: 3.75 | U26: 0.31 | V26: 147.77 | W26: 0.24 | X26: 0.16
F27: BIOCELL SCIENCE S.A.S. | G27: EMPRESA OFERENTE PROCESO 2025 | T27: 8.32 | U27: 0.15 | V27: 15.35 | W27: 0.08 | X27: 0.06
F28: AQUALAB SAS | G28: EMPRESA OFERENTE PROCESO 2025 | T28: 3.79 | U28: 0.36 | V28: 20.98 | W28: 0.3 | X28: 0.19
F29: MEDIMALCO S.A.S | G29: EMPRESA OFERENTE PROCESO 2025 | T29: 3.34 | U29: 0.29 | W29: 0.37 | X29: 0.26
F30: YEQUIM S.A.S | G30: EMPRESA OFERENTE PROCESO 2025 | T30: 6.38 | U30: 0.36 | V30: 243.85 | W30: 0.28 | X30: 0.18
F31: ADEQUIM SAS | G31: EMPRESA OFERENTE PROCESO 2025 | T31: 2.19 | U31: 0.51 | V31: 123.72 | W31: 0.23 | X31: 0.11
A32: 33 | B32: Plenas-Individuales | C32: Estado de situación financiera, corriente/no corriente | D32: 800004599 | E32: 2024-12-31 | F32: COMERCIALIZADORA MARDEN LTDA | G32: G4669 - Comercio al por mayor de otros productos n.c.p. | H32: 03. SOCIEDAD LIMITADA | I32: CR 28 29 60 | J32: VALLE | K32: PALMIRA-VALLE | L32: Periodo Actual | M32: 16800366 | N32: 27337946 | O32: 18974674 | P32: 21478065 | Q32: 5859881 | R32: 18792 | T32: =M32/O32 -> 0.88540999 | U32: =P32/N32 -> 0.78565028 | W32: =R32/Q32 -> 0.0032068911 | X32: =R32/N32 -> 0.00068739619
A33: 63 | B33: Plenas-Individuales | C33: Estado de situación financiera, corriente/no corriente | D33: 800019615 | E33: 2024-12-31 | F33: SYMRISE LTDA | G33: C2029 - Fabricación de otros productos químicos n.c.p. | H33: 03. SOCIEDAD LIMITADA | I33: CR 58 9-54 | J33: BOGOTA D.C. | K33: BOGOTA D.C. | L33: Periodo Actual | M33: 237121394 | N33: 394257019 | O33: 75014105 | P33: 81273185 | Q33: 312983834 | R33: 87382375 | S33: 32011917 | T33: =M33/O33 -> 3.1610241 | U33: =P33/N33 -> 0.20614265 | V33: =R33/S33 -> 2.7296827 | W33: =R33/Q33 -> 0.27919134 | X33: =R33/N33 -> 0.2216381
A34: 91 | B34: Plenas-Individuales | C34: Estado de situación financiera, corriente/no corriente | D34: 800026092 | E34: 2024-12-31 | F34: HB FULLER COLOMBIA SAS | G34: C2029 - Fabricación de otros productos químicos n.c.p. | H34: 08. SOCIEDAD POR ACCIONES SIMPLIFICADA SAS | I34: CENTRO CIUDAD KARGA RIONEGRO FASE II 300 MTS GLORIETAAEROPUERTO JMC VIA GUARNE | J34: ANTIOQUIA | K34: RIONEGRO-ANTIOQUIA | L34: Periodo Actual | M34: 179638047 | N34: 208075531 | O34: 36826637 | P34: 36826637 | Q34: 171248894 | R34: 12993468 | S34: 5895440 | T34: =M34/O34 -> 4.8779379 | U34: =P34/N34 -> 0.17698687 | V34: =R34/S34 -> 2.2039861 | W34: =R34/Q34 -> 0.075874756 | X34: =R34/N34 -> 0.06244592
A35: 143 | B35: Plenas-Individuales | C35: Estado de situación financiera, corriente/no corriente | D35: 800044807 | E35: 2024-12-31 | F35: STEPAN COLOMBIA SAS | G35: C2011 - Fabricación de sustancias y productos químicos básicos | H35: 08. SOCIEDAD POR ACCIONES SIMPLIFICADA SAS | I35: CL 98 9A 21 | J35: BOGOTA D.C. | K35: BOGOTA D.C. | L35: Periodo Actual | M35: 85242842 | N35: 110746214 | O35: 44692967 | P35: 44992235 | Q35: 65753979 | R35: 8567432 | S35: 63286 | T35: =M35/O35 -> 1.9072988 | U35: =P35/N35 -> 0.40626432 | V35: =R35/S35 -> 135.37642 | W35: =R35/Q35 -> 0.13029526 | X35: =R35/N35 -> 0.077360947
A36: 171 | B36: Plenas-Individuales | C36: Estado de situación financiera, corriente/no corriente | D36: 800060704 | E36: 2024-12-31 | F36: KAMEX INTERNATIONAL SAS | G36: C3250 - Fabricación de instrumentos, aparatos y materiales médicos y odontológicos (incluido mobiliario) | H36: 08. SOCIEDAD POR ACCIONES SIMPLIFICADA SAS | I36: VTE CAJICA LOTE 2 VEREDA CALAHORRA | J36: CUNDINAMARCA | K36: CAJICA-CUNDINAMARCA | L36: Periodo Actual | M36: 5719203 | N36: 20264175 | O36: 3973123 | P36: 12842108 | Q36: 7422067 | R36: -3017909 | T36: =M36/O36 -> 1.4394729 | U36: =P36/N36 -> 0.63373456 | W36: =R36/Q36 -> -0.40661301 | X36: =R36/N36 -> -0.14892829
A37: 223 | B37: Plenas-Individuales | C37: Estado de situación financiera, corriente/no corriente | D37: 800083425 | E37: 2024-12-31 | F37: IDT ELECTRIC LTDA | G37: G4669 - Comercio al por mayor de otros productos n.c.p. | H37: 03. SOCIEDAD LIMITADA | I37: CLL 36 24 23 | J37: BOGOTA D.C. | K37: BOGOTA D.C. | L37: Periodo Actual | M37: 5938492 | N37: 8735246 | O37: 1758573 | P37: 2457862 | Q37: 6277384 | R37: 806246 | S37: 113095 | T37: =M37/O37 -> 3.3768811 | U37: =P37/N37 -> 0.28137296 | V37: =R37/S37 -> 7.128927 | W37: =R37/Q37 -> 0.12843662 | X37: =R37/N37 -> 0.09229803
A38: 233 | B38: Plenas-Individuales | C38: Estado de situación financiera, corriente/no corriente | D38: 800090902 | E38: 2024-12-31 | F38: PROCLIN PHARMA SA | G38: G4645 - Comercio al por mayor de productos farmacéuticos, medicinales, cosméticos y de tocador | H38: 01. SOCIEDAD ANÓNIMA | I38: CRA 68 D 98 A 73 | J38: BOGOTA D.C. | K38: BOGOTA D.C. | L38: Periodo Actual | M38: 22531857 | N38: 51052087 | O38: 14034979 | P38: 28323551 | Q38: 22728536 | R38: 3303094 | T38: =M38/O38 -> 1.6054072 | U38: =P38/N38 -> 0.55479712 | W38: =R38/Q38 -> 0.14532806 | X38: =R38/N38 -> 0.06470047
A39: 239 | B39: Plenas-Individuales | C39: Estado de situación financiera, corriente/no corriente | D39: 800092641 | E39: 2024-12-31 | F39: LABORATORIOS RICHMOND COLOMBIA S.A.S | G39: G4645 - Comercio al por mayor de productos farmacéuticos, medicinales, cosméticos y de tocador | H39: 08. SOCIEDAD POR ACCIONES SIMPLIFICADA SAS | I39: CL 100 19A 50 P 9 ED INTENATIONAL TOWECL 100 19A 50 P 9 ED INTENATIONAL TOWER | J39: BOGOTA D.C. | K39: BOGOTA D.C. | L39: Periodo Actual | M39: 22254226 | N39: 48970823 | O39: 29889198 | P39: 34344983 | Q39: 14625840 | R39: 2471133 | T39: =M39/O39 -> 0.74455748 | U39: =P39/N39 -> 0.70133563 | W39: =R39/Q39 -> 0.16895665 | X39: =R39/N39 -> 0.050461333
A40: 257 | B40: Plenas-Individuales | C40: Estado de situación financiera, corriente/no corriente | D40: 800100610 | E40: 2024-12-31 | F40: ADIUM S.A.S | G40: G4645 - Comercio al por mayor de productos farmacéuticos, medicinales, cosméticos y de tocador | H40: 08. SOCIEDAD POR ACCIONES SIMPLIFICADA SAS | I40: CRA. 16 NO. 85-96 | J40: BOGOTA D.C. | K40: BOGOTA D.C. | L40: Periodo Actual | M40: 172200575 | N40: 211899819 | O40: 140392886 | P40: 147324670 | Q40: 64575149 | R40: 33144163 | S40: 6141700 | T40: =M40/O40 -> 1.226562 | U40: =P40/N40 -> 0.69525623 | V40: =R40/S40 -> 5.396578 | W40: =R40/Q40 -> 0.51326499 | X40: =R40/N40 -> 0.15641431
A41: 297 | B41: Plenas-Individuales | C41: Estado de situación financiera, corriente/no corriente | D41: 800116871 | E41: 2024-12-31 | F41: C.I.IMPORTEX S.A. | G41: G4669 - Comercio al por mayor de otros productos n.c.p. | H41: 01. SOCIEDAD ANÓNIMA | I41: CRA 16A 78 11 OF.501 | J41: BOGOTA D.C. | K41: BOGOTA D.C. | L41: Periodo Actual | M41: 118714937 | N41: 120238388 | O41: 109251647 | P41: 109334674 | Q41: 10903714 | R41: 15205551 | S41: 58848 | T41: =M41/O41 -> 1.0866192 | U41: =P41/N41 -> 0.90931587 | V41: =R41/S41 -> 258.38688 | W41: =R41/Q41 -> 1.3945295 | X41: =R41/N41 -> 0.1264617
A42: 351 | B42: Plenas-Individuales | C42: Estado de situación financiera, corriente/no corriente | D42: 800137370 | E42: 2024-12-31 | F42: FONANDES SAS | G42: C2029 - Fabricación de otros productos químicos n.c.p. | H42: 08. SOCIEDAD POR ACCIONES SIMPLIFICADA SAS | I42: LT BELLAVISTA VEREDA CANAVITA ENTRADA COLPAPEL | J42: CUNDINAMARCA | K42: SOPO-CUNDINAMARCA | L42: Periodo Actual | M42: 15675920 | N42: 25456337 | O42: 5566379 | P42: 7530890 | Q42: 17925447 | R42: 6047000 | S42: 1805515 | T42: =M42/O42 -> 2.8161791 | U42: =P42/N42 -> 0.29583557 | V42: =R42/S42 -> 3.3491829 | W42: =R42/Q42 -> 0.33734166 | X42: =R42/N42 -> 0.237544
A43: 415 | B43: Plenas-Individuales | C43: Estado de situación financiera, corriente/no corriente | D43: 800158193 | E43: 2024-12-31 | F43: ASESORES BIOCIENTIFICOS ASOCIADOS S.A.S. | G43: G4645 - Comercio al por mayor de productos farmacéuticos, medicinales, cosméticos y de tocador | H43: 08. SOCIEDAD POR ACCIONES SIMPLIFICADA SAS | I43: CR 58 9-40 | J43: ANTIOQUIA | K43: MEDELLIN-ANTIOQUIA | L43: Periodo Actual | M43: 17754850 | N43: 22033058 | O43: 6183125 | P43: 7319679 | Q43: 14713379 | R43: 2720309 | S43: 702378 | T43: =M43/O43 -> 2.8715011 | U43: =P43/N43 -> 0.33221349 | V43: =R43/S43 -> 3.8729986 | W43: =R43/Q43 -> 0.18488676 | X43: =R43/N43 -> 0.12346489
A44: 457 | B44: Plenas-Individuales | C44: Estado de situación financiera, corriente/no corriente | D44: 800173424 | E44: 2024-12-31 | F44: PERFUMES Y COSMETICOS INTERNACIONALES PERCOINT S.A | G44: G4645 - Comercio al por mayor de productos farmacéuticos, medicinales, cosméticos y de tocador | H44: 01. SOCIEDAD ANÓNIMA | I44: CL 100 8A 49 TR B OF 1008 | J44: BOGOTA D.C. | K44: BOGOTA D.C. | L44: Periodo Actual | M44: 8282689 | N44: 23158736 | O44: 6570687 | P44: 19114010 | Q44: 4044726 | R44: -1851524 | S44: 60448 | T44: =M44/O44 -> 1.2605514 | U44: =P44/N44 -> 0.82534772 | V44: =R44/S44 -> -30.630029 | W44: =R44/Q44 -> -0.45776253 | X44: =R44/N44 -> -0.079949268
A45: 459 | B45: Plenas-Individuales | C45: Estado de situación financiera, corriente/no corriente | D45: 800174043 | E45: 2024-12-31 | F45: ORTOMAC S.A.S. | G45: G4645 - Comercio al por mayor de productos farmacéuticos, medicinales, cosméticos y de tocador | H45: 08. SOCIEDAD POR ACCIONES SIMPLIFICADA SAS | I45: CR 52 79 73 | J45: BOGOTA D.C. | K45: BOGOTA D.C. | L45: Periodo Actual | M45: 14817924 | N45: 21503394 | O45: 3088813 | P45: 5553332 | Q45: 15950062 | R45: 3304415 | S45: 184142 | T45: =M45/O45 -> 4.7972875 | U45: =P45/N45 -> 0.25825374 | V45: =R45/S45 -> 17.944928 | W45: =R45/Q45 -> 0.20717255 | X45: =R45/N45 -> 0.15366946
A46: 471 | B46: Plenas-Individuales | C46: Estado de situación financiera, corriente/no corriente | D46: 800179883 | E46: 2024-12-31 | F46: LABORATORIOS BAGO DE COLOMBIA SAS | G46: G4645 - Comercio al por mayor de productos farmacéuticos, medicinales, cosméticos y de tocador | H46: 08. SOCIEDAD POR ACCIONES SIMPLIFICADA SAS | I46: CL 4 2 ESTE 00 PAR K2 BG 12 | J46: CUNDINAMARCA | K46: CHIA-CUNDINAMARCA | L46: Periodo Actual | M46: 17091570 | N46: 20566066 | O46: 5660911 | P46: 6793835 | Q46: 13772231 | R46: 3863877 | T46: =M46/O46 -> 3.0192261 | U46: =P46/N46 -> 0.33034198 | W46: =R46/Q46 -> 0.28055563 | X46: =R46/N46 -> 0.18787633
A47: 515 | B47: Plenas-Individuales | C47: Estado de situación financiera, corriente/no corriente | D47: 800200934 | E47: 2024-12-31 | F47: TETRA PAK LTDA BIC | G47: G4669 - Comercio al por mayor de otros productos n.c.p. | H47: 03. SOCIEDAD LIMITADA | I47: CRA 11A 94-25/45 PISO 6 | J47: BOGOTA D.C. | K47: BOGOTA D.C. | L47: Periodo Actual | M47: 206919066 | N47: 295986810 | O47: 264407890 | P47: 267423447 | Q47: 28563363 | R47: 31381078 | T47: =M47/O47 -> 0.78257523 | U47: =P47/N47 -> 0.90349785 | W47: =R47/Q47 -> 1.0986479 | X47: =R47/N47 -> 0.10602188
A48: 523 | B48: Plenas-Individuales | C48: Estado de situación financiera, corriente/no corriente | D48: 800203984 | E48: 2024-12-31 | F48: SIMONIZ SA | G48: C2029 - Fabricación de otros productos químicos n.c.p. | H48: 01. SOCIEDAD ANÓNIMA | I48: AVENIDA TRONCAL DE OCCIDENTE Nº 14E & 15E - 79 BODEGAS D-4 D-7 D-8 Y D-9 MILANO 1 - CENTRO INDUSTRIAL Y LOGISTICO | J48: CUNDINAMARCA | K48: MOSQUERA-CUNDINAMARCA | L48: Periodo Actual | M48: 113558178 | N48: 151703568 | O48: 52659525 | P48: 100464616 | Q48: 51238952 | R48: 10080742 | S48: 1012995 | T48: =M48/O48 -> 2.1564604 | U48: =P48/N48 -> 0.66224293 | V48: =R48/S48 -> 9.9514233 | W48: =R48/Q48 -> 0.19673982 | X48: =R48/N48 -> 0.066450263
A49: 529 | B49: Plenas-Individuales | C49: Estado de situación financiera, corriente/no corriente | D49: 800205416 | E49: 2024-12-31 | F49: PERCOS SA | G49: G4645 - Comercio al por mayor de productos farmacéuticos, medicinales, cosméticos y de tocador | H49: 01. SOCIEDAD ANÓNIMA | I49: KR 19 A 90 13 PISO 9 | J49: BOGOTA D.C. | K49: BOGOTA D.C. | L49: Periodo Actual | M49: 55875790 | N49: 61414330 | O49: 27129147 | P49: 31429975 | Q49: 29984355 | R49: 11751592 | S49: 2824520 | T49: =M49/O49 -> 2.0596221 | U49: =P49/N49 -> 0.5117694 | V49: =R49/S49 -> 4.1605625 | W49: =R49/Q49 -> 0.39192412 | X49: =R49/N49 -> 0.19134935
A50: 573 | B50: Plenas-Individuales | C50: Estado de situación financiera, corriente/no corriente | D50: 800220041 | E50: 2024-12-31 | F50: NUTRESOL SAS | G50: C2029 - Fabricación de otros productos químicos n.c.p. | H50: 08. SOCIEDAD POR ACCIONES SIMPLIFICADA SAS | I50: PARQUIAMERICA ZONA INDUSTRIAL MAMONAL KM 6 LOTE 9 MANZANA C CARTAGENA, BOLIVAR , COLOMBIA | J50: BOLIVAR | K50: CARTAGENA-BOLIVAR | L50: Periodo Actual | M50: 19368675 | N50: 29093970 | O50: 4429735 | P50: 5577094 | Q50: 23516876 | R50: 3358037 | S50: 6996032 | T50: =M50/O50 -> 4.372423 | U50: =P50/N50 -> 0.19169244 | V50: =R50/S50 -> 0.47999166 | W50: =R50/Q50 -> 0.14279265 | X50: =R50/N50 -> 0.11542038
A51: 599 | B51: Plenas-Individuales | C51: Estado de situación financiera, corriente/no corriente | D51: 800228878 | E51: 2024-12-31 | F51: ILKO ARCOASEO SAS | G51: G4669 - Comercio al por mayor de otros productos n.c.p. | H51: 08. SOCIEDAD POR ACCIONES SIMPLIFICADA SAS | I51: CL 9 40 105 | J51: VALLE | K51: CALI-VALLE | L51: Periodo Actual | M51: 42383561 | N51: 43095433 | O51: 33058768 | P51: 33058768 | Q51: 10036665 | R51: 252799 | T51: =M51/O51 -> 1.2820672 | U51: =P51/N51 -> 0.76710606 | W51: =R51/Q51 -> 0.02518755 | X51: =R51/N51 -> 0.0058660276
A52: 619 | B52: Plenas-Individuales | C52: Estado de situación financiera, corriente/no corriente | D52: 800232359 | E52: 2024-12-31 | F52: FAES FARMA COLOMBIA SAS | G52: G4645 - Comercio al por mayor de productos farmacéuticos, medicinales, cosméticos y de tocador | H52: 08. SOCIEDAD POR ACCIONES SIMPLIFICADA SAS | I52: Av. Cra 7 # 155 C 20 - 30 | North Point Torre E Piso 36 | J52: BOGOTA D.C. | K52: BOGOTA D.C. | L52: Periodo Actual | M52: 89700600 | N52: 95660689 | O52: 22715755 | P52: 24750775 | Q52: 70909914 | R52: 18688572 | S52: 893719 | T52: =M52/O52 -> 3.9488276 | U52: =P52/N52 -> 0.25873507 | V52: =R52/S52 -> 20.911016 | W52: =R52/Q52 -> 0.26355373 | X52: =R52/N52 -> 0.19536313
A53: 621 | B53: Plenas-Individuales | C53: Estado de situación financiera, corriente/no corriente | D53: 800232449 | E53: 2024-12-31 | F53: DANFOSS S.A.S | G53: G4669 - Comercio al por mayor de otros productos n.c.p. | H53: 08. SOCIEDAD POR ACCIONES SIMPLIFICADA SAS | I53: CL 84A N.12-18 OFC 305 | J53: BOGOTA D.C. | K53: BOGOTA D.C. | L53: Periodo Actual | M53: 37652525 | N53: 38742847 | O53: 29237791 | P53: 29459512 | Q53: 9283335 | R53: 3560608 | T53: =M53/O53 -> 1.2878033 | U53: =P53/N53 -> 0.76038583 | W53: =R53/Q53 -> 0.38354837 | X53: =R53/N53 -> 0.091903623
A54: 671 | B54: Plenas-Individuales | C54: Estado de situación financiera, corriente/no corriente | D54: 800250382 | E54: 2024-12-31 | F54: AMAREY NOVA MEDICAL S A | G54: G4645 - Comercio al por mayor de productos farmacéuticos, medicinales, cosméticos y de tocador | H54: 01. SOCIEDAD ANÓNIMA | I54: CRA 7 99 53 TORRE 2 PISO 19 -20 | J54: BOGOTA D.C. | K54: BOGOTA D.C. | L54: Periodo Actual | M54: 151473957 | N54: 179131766 | O54: 131032237 | P54: 135585253 | Q54: 43546513 | R54: 23131205 | S54: 6924108 | T54: =M54/O54 -> 1.1560053 | U54: =P54/N54 -> 0.75690234 | V54: =R54/S54 -> 3.3406765 | W54: =R54/Q54 -> 0.53118386 | X54: =R54/N54 -> 0.12912955
A55: 679 | B55: Plenas-Individuales | C55: Estado de situación financiera, corriente/no corriente | D55: 800251760 | E55: 2024-12-31 | F55: BIOTOSCANA FARMA S.A. | G55: G4645 - Comercio al por mayor de productos farmacéuticos, medicinales, cosméticos y de tocador | H55: 01. SOCIEDAD ANÓNIMA | I55: Avenida Carrera 45 108 27 TORRE 3 OFICINA 1901 | J55: BOGOTA D.C. | K55: BOGOTA D.C. | L55: Periodo Actual | M55: 142164583 | N55: 170447566 | O55: 109896146 | P55: 118387600 | Q55: 52059966 | R55: -5693579 | S55: 463588 | T55: =M55/O55 -> 1.2936266 | U55: =P55/N55 -> 0.69456903 | V55: =R55/S55 -> -12.28155 | W55: =R55/Q55 -> -0.10936578 | X55: =R55/N55 -> -0.033403698
A56: 699 | B56: Plenas-Individuales | C56: Estado de situación financiera, corriente/no corriente | D56: 802000335 | E56: 2024-12-31 | F56: VYGON COLOMBIA S.A.S. | G56: C3250 - Fabricación de instrumentos, aparatos y materiales médicos y odontológicos (incluido mobiliario) | H56: 08. SOCIEDAD POR ACCIONES SIMPLIFICADA SAS | I56: Calle 79 N° 74 - 29 | J56: ATLANTICO | K56: BARRANQUILLA-ATLANTICO | L56: Periodo Actual | M56: 42466933 | N56: 56377082 | O56: 21658724 | P56: 22161477 | Q56: 34215605 | R56: 2861791 | T56: =M56/O56 -> 1.9607311 | U56: =P56/N56 -> 0.39309372 | W56: =R56/Q56 -> 0.083639936 | X56: =R56/N56 -> 0.050761602
A57: 721 | B57: Plenas-Individuales | C57: Estado de situación financiera, corriente/no corriente | D57: 802009120 | E57: 2024-12-31 | F57: CI PROCAPS S.A | G57: G4645 - Comercio al por mayor de productos farmacéuticos, medicinales, cosméticos y de tocador | H57: 01. SOCIEDAD ANÓNIMA | I57: CL 80 78B 2021 | J57: ATLANTICO | K57: BARRANQUILLA-ATLANTICO | L57: Periodo Actual | M57: 58114395 | N57: 66013499 | O57: 67907780 | P57: 70982903 | Q57: -4969404 | R57: 3069731 | S57: 0 | T57: =M57/O57 -> 0.85578405 | U57: =P57/N57 -> 1.0752786 | W57: =R57/Q57 -> -0.61772619 | X57: =R57/N57 -> 0.046501565
A58: 777 | B58: Plenas-Individuales | C58: Estado de situación financiera, corriente/no corriente | D58: 805001194 | E58: 2024-12-31 | F58: ABBOTT RAPID DIAGNOSTICS COLOMBIA S.A.S | G58: G4645 - Comercio al por mayor de productos farmacéuticos, medicinales, cosméticos y de tocador | H58: 08. SOCIEDAD POR ACCIONES SIMPLIFICADA SAS | I58: Cl 110 No. 9 -25 Of 501 | J58: BOGOTA D.C. | K58: BOGOTA D.C. | L58: Periodo Actual | M58: 80855297 | N58: 85556035 | O58: 11514212 | P58: 11803886 | Q58: 73752149 | R58: 7795844 | S58: 2753122 | T58: =M58/O58 -> 7.0222172 | U58: =P58/N58 -> 0.13796673 | V58: =R58/S58 -> 2.8316377 | W58: =R58/Q58 -> 0.10570328 | X58: =R58/N58 -> 0.091119744
A59: 909 | B59: Plenas-Individuales | C59: Estado de situación financiera, corriente/no corriente | D59: 810004060 | E59: 2024-12-31 | F59: INDUSERVI SAS | G59: G4669 - Comercio al por mayor de otros productos n.c.p. | H59: 08. SOCIEDAD POR ACCIONES SIMPLIFICADA SAS | I59: CALLE 13A 100 35 OF 611 | J59: VALLE | K59: CALI-VALLE | L59: Periodo Actual | M59: 17778517 | N59: 24304660 | O59: 7366304 | P59: 8519335 | Q59: 15785325 | R59: 804561 | S59: 737782 | T59: =M59/O59 -> 2.4134922 | U59: =P59/N59 -> 0.3505227 | V59: =R59/S59 -> 1.0905132 | W59: =R59/Q59 -> 0.050968922 | X59: =R59/N59 -> 0.033103158
A60: 985 | B60: Plenas-Individuales | C60: Estado de situación financiera, corriente/no corriente | D60: 811023371 | E60: 2024-12-31 | F60: MANE SUCURSAL COLOMBIA | G60: C2029 - Fabricación de otros productos químicos n.c.p. | H60: 02. SUCURSAL EXTRANJERA | I60: AUT MEDELLIN BOGOTA VIA AEROPUERTO KM 1.2 PARUQE INDUSTRIAL ELITE MZ 14 | J60: ANTIOQUIA | K60: GUARNE-ANTIOQUIA | L60: Periodo Actual | M60: 56248695 | N60: 116704008 | O60: 27549266 | P60: 29877214 | Q60: 86826794 | R60: 12721384 | S60: 877375 | T60: =M60/O60 -> 2.0417493 | U60: =P60/N60 -> 0.25600847 | V60: =R60/S60 -> 14.499369 | W60: =R60/Q60 -> 0.1465145 | X60: =R60/N60 -> 0.10900555
A61: 1091 | B61: Plenas-Individuales | C61: Estado de situación financiera, corriente/no corriente | D61: 815003696 | E61: 2024-12-31 | F61: COMERCIALIZADORA INTERNACIONAL TZF S.A.S. | G61: C2029 - Fabricación de otros productos químicos n.c.p. | H61: 08. SOCIEDAD POR ACCIONES SIMPLIFICADA SAS | I61: Recta Cali - Palmira, Km. 18, Vereda La Herradura | J61: VALLE | K61: PALMIRA-VALLE | L61: Periodo Actual | M61: 1343367 | N61: 1343367 | O61: 12128 | P61: 12128 | Q61: 1331239 | R61: -114935 | S61: 112139 | T61: =M61/O61 -> 110.76575 | U61: =P61/N61 -> 0.0090280616 | V61: =R61/S61 -> -1.0249333 | W61: =R61/Q61 -> -0.086336864 | X61: =R61/N61 -> -0.085557409
A62: 1129 | B62: Plenas-Individuales | C62: Estado de situación financiera, corriente/no corriente | D62: 817000771 | E62: 2024-12-31 | F62: QUIMICOS DEL CAUCA SAS | G62: C2011 - Fabricación de sustancias y productos químicos básicos | H62: 08. SOCIEDAD POR ACCIONES SIMPLIFICADA SAS | I62: CR 100 NRO. 16 20 OF 603 | J62: VALLE | K62: CALI-VALLE | L62: Periodo Actual | M62: 129459832 | N62: 229555088 | O62: 156697556 | P62: 173732572 | Q62: 55822516 | R62: 29455773 | S62: 10609111 | T62: =M62/O62 -> 0.82617646 | U62: =P62/N62 -> 0.75682301 | V62: =R62/S62 -> 2.7764601 | W62: =R62/Q62 -> 0.52766832 | X62: =R62/N62 -> 0.12831679
A63: 1137 | B63: Plenas-Individuales | C63: Estado de situación financiera, corriente/no corriente | D63: 817001644 | E63: 2024-12-31 | F63: GENFAR SA | G63: G4645 - Comercio al por mayor de productos farmacéuticos, medicinales, cosméticos y de tocador | H63: 01. SOCIEDAD ANÓNIMA | I63: AK 68 17 64 | J63: BOGOTA D.C. | K63: BOGOTA D.C. | L63: Periodo Actual | M63: 374050165 | N63: 403570505 | O63: 137290014 | P63: 137290014 | Q63: 266280491 | R63: 87663226 | S63: 2677344 | T63: =M63/O63 -> 2.7245257 | U63: =P63/N63 -> 0.34018842 | V63: =R63/S63 -> 32.742608 | W63: =R63/Q63 -> 0.32921385 | X63: =R63/N63 -> 0.21721911
A64: 1227 | B64: Plenas-Individuales | C64: Estado de situación financiera, corriente/no corriente | D64: 830009573 | E64: 2024-12-31 | F64: COLNOTEX SAS | G64: G4669 - Comercio al por mayor de otros productos n.c.p. | H64: 08. SOCIEDAD POR ACCIONES SIMPLIFICADA SAS | I64: CRA 2 N 48 07 | J64: CUNDINAMARCA | K64: SOACHA-CUNDINAMARCA | L64: Periodo Actual | M64: 82938467 | N64: 96543184 | O64: 56666432 | P64: 69749163 | Q64: 26794021 | R64: 9818039 | S64: 2579849 | T64: =M64/O64 -> 1.4636261 | U64: =P64/N64 -> 0.72246595 | V64: =R64/S64 -> 3.8056642 | W64: =R64/Q64 -> 0.36642649 | X64: =R64/N64 -> 0.10169583
A65: 1243 | B65: Plenas-Individuales | C65: Estado de situación financiera, corriente/no corriente | D65: 830012269 | E65: 2024-12-31 | F65: GALDERMA DE COLOMBIA SAGALDERMA DE COLOMBIA SA | G65: G4645 - Comercio al por mayor de productos farmacéuticos, medicinales, cosméticos y de tocador | H65: 01. SOCIEDAD ANÓNIMA | I65: CL 127A 53A 45 T3 OF 3002 | J65: BOGOTA D.C. | K65: BOGOTA D.C. | L65: Periodo Actual | M65: 157466610 | N65: 164052805 | O65: 157356215 | P65: 157356215 | Q65: 6696590 | R65: 4775504 | S65: 2183676 | T65: =M65/O65 -> 1.0007016 | U65: =P65/N65 -> 0.95918028 | V65: =R65/S65 -> 2.1869105 | W65: =R65/Q65 -> 0.71312474 | X65: =R65/N65 -> 0.029109554
A66: 1253 | B66: Plenas-Individuales | C66: Estado de situación financiera, corriente/no corriente | D66: 830012969 | E66: 2024-12-31 | F66: GlaxoSmithKline Colombia S.A. | G66: G4645 - Comercio al por mayor de productos farmacéuticos, medicinales, cosméticos y de tocador | H66: 01. SOCIEDAD ANÓNIMA | I66: Av. Calle 116 N. 7-15 Interior 2 Oficina 601A Bogotá D.C. | J66: BOGOTA D.C. | K66: BOGOTA D.C. | L66: Periodo Actual | M66: 398792046 | N66: 422565234 | O66: 188962235 | P66: 197282617 | Q66: 225282617 | R66: 103755471 | S66: 90177202 | T66: =M66/O66 -> 2.1104325 | U66: =P66/N66 -> 0.46686902 | V66: =R66/S66 -> 1.1505732 | W66: =R66/Q66 -> 0.46055693 | X66: =R66/N66 -> 0.24553717
A67: 1269 | B67: Plenas-Individuales | C67: Estado de situación financiera, corriente/no corriente | D67: 830015923 | E67: 2024-12-31 | F67: MERCK SHARP & DOHME SALUD ANIMAL COLOMBIA S. A. S | G67: G4645 - Comercio al por mayor de productos farmacéuticos, medicinales, cosméticos y de tocador | H67: 08. SOCIEDAD POR ACCIONES SIMPLIFICADA SAS | I67: CALLE 127 A 53 A 45 T 3 P 8 | J67: BOGOTA D.C. | K67: BOGOTA D.C. | L67: Periodo Actual | M67: 128341616 | N67: 133366580 | O67: 112375851 | P67: 112375851 | Q67: 20990729 | R67: 4059639 | T67: =M67/O67 -> 1.1420747 | U67: =P67/N67 -> 0.84260878 | W67: =R67/Q67 -> 0.19340153 | X67: =R67/N67 -> 0.030439702
A68: 1279 | B68: Plenas-Individuales | C68: Estado de situación financiera, corriente/no corriente | D68: 830018146 | E68: 2024-12-31 | F68: ROCKWELL AUTOMATION COLOMBIA S.A | G68: G4669 - Comercio al por mayor de otros productos n.c.p. | H68: 01. SOCIEDAD ANÓNIMA | I68: CRA 7 156 78 TO 2 PISO 19 Y 20 | J68: BOGOTA D.C. | K68: BOGOTA D.C. | L68: Periodo Actual | M68: 157089956 | N68: 174969404 | O68: 133020367 | P68: 134781582 | Q68: 40187822 | R68: 14900361 | T68: =M68/O68 -> 1.1809466 | U68: =P68/N68 -> 0.77031515 | W68: =R68/Q68 -> 0.37076807 | X68: =R68/N68 -> 0.085159809
A69: 1303 | B69: Plenas-Individuales | C69: Estado de situación financiera, corriente/no corriente | D69: 830023671 | E69: 2024-12-31 | F69: ORIFLAME DE COLOMBIA S.A | G69: G4645 - Comercio al por mayor de productos farmacéuticos, medicinales, cosméticos y de tocador | H69: 01. SOCIEDAD ANÓNIMA | I69: CALLE 125 N 21A 27 OFC 201 | J69: BOGOTA D.C. | K69: BOGOTA D.C. | L69: Periodo Actual | M69: 10549112 | N69: 13641923 | O69: 11462553 | P69: 12400159 | Q69: 1241764 | R69: 1997027 | T69: =M69/O69 -> 0.92031086 | U69: =P69/N69 -> 0.90897442 | W69: =R69/Q69 -> 1.6082178 | X69: =R69/N69 -> 0.14638897
A70: 1307 | B70: Plenas-Individuales | C70: Estado de situación financiera, corriente/no corriente | D70: 830023844 | E70: 2024-12-31 | F70: BIOMERIEUX COLOMBIA SAS | G70: G4645 - Comercio al por mayor de productos farmacéuticos, medicinales, cosméticos y de tocador | H70: 08. SOCIEDAD POR ACCIONES SIMPLIFICADA SAS | I70: CR 9A #99-02 OF 706 | J70: BOGOTA D.C. | K70: BOGOTA D.C. | L70: Periodo Actual | M70: 117557044 | N70: 162853670 | O70: 79511442 | P70: 94158480 | Q70: 68695190 | R70: 14157614 | T70: =M70/O70 -> 1.4784922 | U70: =P70/N70 -> 0.57817843 | W70: =R70/Q70 -> 0.20609324 | X70: =R70/N70 -> 0.086934571
A71: 1309 | B71: Plenas-Individuales | C71: Estado de situación financiera, corriente/no corriente | D71: 830024737 | E71: 2024-12-31 | F71: QUIMIOLAB SAS | G71: G4669 - Comercio al por mayor de otros productos n.c.p. | H71: 08. SOCIEDAD POR ACCIONES SIMPLIFICADA SAS | I71: CL 77 28B 13 | J71: BOGOTA D.C. | K71: BOGOTA D.C. | L71: Periodo Actual | M71: 11195534 | N71: 25091618 | O71: 6504710 | P71: 8416107 | Q71: 16675511 | R71: 2859705 | S71: 26 | T71: =M71/O71 -> 1.7211427 | U71: =P71/N71 -> 0.33541508 | V71: =R71/S71 -> 109988.65 | W71: =R71/Q71 -> 0.1714913 | X71: =R71/N71 -> 0.11397053
A72: 1311 | B72: Plenas-Individuales | C72: Estado de situación financiera, corriente/no corriente | D72: 830024974 | E72: 2024-12-31 | F72: NATURA COMESTICOS LTDA | G72: G4645 - Comercio al por mayor de productos farmacéuticos, medicinales, cosméticos y de tocador | H72: 03. SOCIEDAD LIMITADA | I72: Cra. 19 No 100 - 45 Piso 3 | J72: BOGOTA D.C. | K72: BOGOTA D.C. | L72: Periodo Actual | M72: 252274111 | N72: 343907938 | O72: 254877861 | P72: 258179534 | Q72: 85728404 | R72: 27515325 | S72: 11896803 | T72: =M72/O72 -> 0.98978432 | U72: =P72/N72 -> 0.75072281 | V72: =R72/S72 -> 2.3128335 | W72: =R72/Q72 -> 0.32095926 | X72: =R72/N72 -> 0.080007822
A73: 1325 | B73: Plenas-Individuales | C73: Estado de situación financiera, corriente/no corriente | D73: 830029757 | E73: 2024-12-31 | F73: DISTRIBUCIONES JO SOCIEDAD POR ACCIONESSIMPLIFICADA | G73: G4669 - Comercio al por mayor de otros productos n.c.p. | H73: 08. SOCIEDAD POR ACCIONES SIMPLIFICADA SAS | I73: CR 13 10 85 OFICINA 901 | J73: BOGOTA D.C. | K73: BOGOTA D.C. | L73: Periodo Actual | M73: 28963104 | N73: 36104545 | O73: 15802636 | P73: 19701831 | Q73: 16402714 | R73: 1941239 | S73: 0 | T73: =M73/O73 -> 1.8328021 | U73: =P73/N73 -> 0.54568839 | W73: =R73/Q73 -> 0.11834865 | X73: =R73/N73 -> 0.053767164
A74: 1339 | B74: Plenas-Individuales | C74: Estado de situación financiera, corriente/no corriente | D74: 830033494 | E74: 2024-12-31 | F74: HEEL COLOMBIA LTDA | G74: G4645 - Comercio al por mayor de productos farmacéuticos, medicinales, cosméticos y de tocador | H74: 03. SOCIEDAD LIMITADA | I74: AV CR 19 105 52 PISO 6 | J74: BOGOTA D.C. | K74: BOGOTA D.C. | L74: Periodo Actual | M74: 63772303 | N74: 82971503 | O74: 41320020 | P74: 51294493 | Q74: 31677010 | R74: 44140668 | S74: 4472 | T74: =M74/O74 -> 1.5433754 | U74: =P74/N74 -> 0.6182182 | V74: =R74/S74 -> 9870.4535 | W74: =R74/Q74 -> 1.3934607 | X74: =R74/N74 -> 0.53199793
A75: 1345 | B75: Plenas-Individuales | C75: Estado de situación financiera, corriente/no corriente | D75: 830035263 | E75: 2024-12-31 | F75: LIPESA COLOMBIA SAS | G75: C2029 - Fabricación de otros productos químicos n.c.p. | H75: 08. SOCIEDAD POR ACCIONES SIMPLIFICADA SAS | I75: Carretera Central Bogota-TunjaFrente A Bavaria Km 21 | J75: CUNDINAMARCA | K75: TOCANCIPA-CUNDINAMARCA | L75: Periodo Actual | M75: 50651334 | N75: 77661954 | O75: 10443541 | P75: 10702666 | Q75: 66959288 | R75: -888361 | S75: 4572919 | T75: =M75/O75 -> 4.8500153 | U75: =P75/N75 -> 0.13781093 | V75: =R75/S75 -> -0.19426563 | W75: =R75/Q75 -> -0.013267181 | X75: =R75/N75 -> -0.011438819
A76: 1371 | B76: Plenas-Individuales | C76: Estado de situación financiera, corriente/no corriente | D76: 830039229 | E76: 2024-12-31 | F76: BOSTON SCIENTIFIC COLOMBIA LIMITADA | G76: G4645 - Comercio al por mayor de productos farmacéuticos, medicinales, cosméticos y de tocador | H76: 03. SOCIEDAD LIMITADA | I76: CALLE 113 7 45 TORRE B OF 713 | J76: BOGOTA D.C. | K76: BOGOTA D.C. | L76: Periodo Actual | M76: 254787666 | N76: 291516132 | O76: 213269946 | P76: 223704085 | Q76: 67812047 | R76: 13009152 | T76: =M76/O76 -> 1.1946722 | U76: =P76/N76 -> 0.76738149 | W76: =R76/Q76 -> 0.19184131 | X76: =R76/N76 -> 0.044625839
A77: 1375 | B77: Plenas-Individuales | C77: Estado de situación financiera, corriente/no corriente | D77: 830039568 | E77: 2024-12-31 | F77: ASTRAZENECA COLOMBIA S.A.S | G77: G4645 - Comercio al por mayor de productos farmacéuticos, medicinales, cosméticos y de tocador | H77: 08. SOCIEDAD POR ACCIONES SIMPLIFICADA SAS | I77: Edificio Naos Av Carrera 9 #101-67 Piso 6 oficina 601 | J77: BOGOTA D.C. | K77: BOGOTA D.C. | L77: Periodo Actual | M77: 876880235 | N77: 935072000 | O77: 843575562 | P77: 849649655 | Q77: 85422345 | R77: 39672122 | T77: =M77/O77 -> 1.0394804 | U77: =P77/N77 -> 0.90864624 | W77: =R77/Q77 -> 0.46442324 | X77: =R77/N77 -> 0.04242681
A78: 1379 | B78: Plenas-Individuales | C78: Estado de situación financiera, corriente/no corriente | D78: 830040575 | E78: 2024-12-31 | F78: SEALED AIR COLOMBIA LTDA | G78: G4669 - Comercio al por mayor de otros productos n.c.p. | H78: 03. SOCIEDAD LIMITADA | I78: CALLE 17A No 69B-19 | J78: BOGOTA D.C. | K78: BOGOTA D.C. | L78: Periodo Actual | M78: 43831585 | N78: 108074904 | O78: 16596596 | P78: 18803387 | Q78: 89271517 | R78: 18470616 | S78: 8717052 | T78: =M78/O78 -> 2.6409985 | U78: =P78/N78 -> 0.17398477 | V78: =R78/S78 -> 2.1189063 | W78: =R78/Q78 -> 0.2069038 | X78: =R78/N78 -> 0.17090569
A79: 1387 | B79: Plenas-Individuales | C79: Estado de situación financiera, corriente/no corriente | D79: 830041488 | E79: 2024-12-31 | F79: ALFA TRADING SAS | G79: G4645 - Comercio al por mayor de productos farmacéuticos, medicinales, cosméticos y de tocador | H79: 08. SOCIEDAD POR ACCIONES SIMPLIFICADA SAS | I79: CL 23 116 31 BG 1 | J79: BOGOTA D.C. | K79: BOGOTA D.C. | L79: Periodo Actual | M79: 209775472 | N79: 228572074 | O79: 52766470 | P79: 57809040 | Q79: 170763034 | R79: 26828455 | S79: 6410709 | T79: =M79/O79 -> 3.9755449 | U79: =P79/N79 -> 0.25291384 | V79: =R79/S79 -> 4.1849435 | W79: =R79/Q79 -> 0.15710927 | X79: =R79/N79 -> 0.11737416
A80: 1393 | B80: Plenas-Individuales | C80: Estado de situación financiera, corriente/no corriente | D80: 830041824 | E80: 2024-12-31 | F80: AGFA GEVAERT COLOMBIA SAS | G80: G4669 - Comercio al por mayor de otros productos n.c.p. | H80: 08. SOCIEDAD POR ACCIONES SIMPLIFICADA SAS | I80: cra 68D No 25B 86 OF 906 | J80: BOGOTA D.C. | K80: BOGOTA D.C. | L80: Periodo Actual | M80: 24125775 | N80: 27350312 | O80: 6351591 | P80: 7176958 | Q80: 20173354 | R80: 1423591 | S80: 8546 | T80: =M80/O80 -> 3.798383 | U80: =P80/N80 -> 0.26240863 | V80: =R80/S80 -> 166.5798 | W80: =R80/Q80 -> 0.070567889 | X80: =R80/N80 -> 0.052050265
A81: 1419 | B81: Plenas-Individuales | C81: Estado de situación financiera, corriente/no corriente | D81: 830047819 | E81: 2024-12-31 | F81: Coca-Cola Bebidas de Colombia | G81: G4669 - Comercio al por mayor de otros productos n.c.p. | H81: 01. SOCIEDAD ANÓNIMA | I81: Av carrera 45 103-60 piso 8 | J81: BOGOTA D.C. | K81: BOGOTA D.C. | L81: Periodo Actual | M81: 270410844 | N81: 296944011 | O81: 206603668 | P81: 239903666 | Q81: 57040345 | R81: 37640547 | S81: 0 | T81: =M81/O81 -> 1.3088385 | U81: =P81/N81 -> 0.80790875 | W81: =R81/Q81 -> 0.6598934 | X81: =R81/N81 -> 0.12675974
A82: 1423 | B82: Plenas-Individuales | C82: Estado de situación financiera, corriente/no corriente | D82: 830049051 | E82: 2024-12-31 | F82: Johnson Controls Colombia Limitada | G82: G4669 - Comercio al por mayor de otros productos n.c.p. | H82: 03. SOCIEDAD LIMITADA | I82: Avda Calle 19 # 95-20 Torre Sigma Of 1501-1401 | J82: BOGOTA D.C. | K82: BOGOTA D.C. | L82: Periodo Actual | M82: 126416309 | N82: 133942825 | O82: 61587655 | P82: 78926329 | Q82: 55016496 | R82: -7137066 | S82: 1766451 | T82: =M82/O82 -> 2.0526242 | U82: =P82/N82 -> 0.58925388 | V82: =R82/S82 -> -4.0403419 | W82: =R82/Q82 -> -0.12972593 | X82: =R82/N82 -> -0.053284422
A83: 1437 | B83: Plenas-Individuales | C83: Estado de situación financiera, corriente/no corriente | D83: 830051740 | E83: 2024-12-31 | F83: PROTEX SAS | G83: G4645 - Comercio al por mayor de productos farmacéuticos, medicinales, cosméticos y de tocador | H83: 08. SOCIEDAD POR ACCIONES SIMPLIFICADA SAS | I83: PAR INDUST. SAN JOSE BG 10 Y 11 MZ C KM 4 VIA FUNZA SIBERIA | J83: CUNDINAMARCA | K83: FUNZA-CUNDINAMARCA | L83: Periodo Actual | M83: 95807787 | N83: 136311383 | O83: 41498327 | P83: 54720415 | Q83: 81590968 | R83: 4794155 | T83: =M83/O83 -> 2.3087144 | U83: =P83/N83 -> 0.40143687 | W83: =R83/Q83 -> 0.058758403 | X83: =R83/N83 -> 0.035170614
A84: 1459 | B84: Plenas-Individuales | C84: Estado de situación financiera, corriente/no corriente | D84: 830055758 | E84: 2024-12-31 | F84: MEDIHUMANA COLOMBIA SA | G84: G4645 - Comercio al por mayor de productos farmacéuticos, medicinales, cosméticos y de tocador | H84: 01. SOCIEDAD ANÓNIMA | I84: CL 90 19A 49 OFICINA 706 | J84: BOGOTA D.C. | K84: BOGOTA D.C. | L84: Periodo Actual | M84: 26452993 | N84: 29582156 | O84: 6940100 | P84: 13331682 | Q84: 16250474 | R84: 3583937 | S84: 1224029 | T84: =M84/O84 -> 3.8116155 | U84: =P84/N84 -> 0.45066634 | V84: =R84/S84 -> 2.9279837 | W84: =R84/Q84 -> 0.22054354 | X84: =R84/N84 -> 0.12115199
A85: 1477 | B85: Plenas-Individuales | C85: Estado de situación financiera, corriente/no corriente | D85: 830058801 | E85: 2024-12-31 | F85: HARMEX S.A. | G85: G4669 - Comercio al por mayor de otros productos n.c.p. | H85: 01. SOCIEDAD ANÓNIMA | I85: PARQUE INDUSTRIAL ACROPOLIS B9 | J85: CUNDINAMARCA | K85: TOCANCIPA-CUNDINAMARCA | L85: Periodo Actual | M85: 32238842 | N85: 34489524 | O85: 14628578 | P85: 14914313 | Q85: 19575211 | R85: 1423944 | T85: =M85/O85 -> 2.2038261 | U85: =P85/N85 -> 0.43243024 | W85: =R85/Q85 -> 0.072742204 | X85: =R85/N85 -> 0.041286276
A86: 1529 | B86: Plenas-Individuales | C86: Estado de situación financiera, corriente/no corriente | D86: 830072817 | E86: 2024-12-31 | F86: BLAU FARMACÉUTICA COLOMBIA S.A.S | G86: G4645 - Comercio al por mayor de productos farmacéuticos, medicinales, cosméticos y de tocador | H86: 08. SOCIEDAD POR ACCIONES SIMPLIFICADA SAS | I86: CL 110 9 25 OF 810 | J86: BOGOTA D.C. | K86: BOGOTA D.C. | L86: Periodo Actual | M86: 42842527 | N86: 45696376 | O86: 18955735 | P86: 18955735 | Q86: 26740641 | R86: 1623873 | S86: 2715313 | T86: =M86/O86 -> 2.2601354 | U86: =P86/N86 -> 0.41481922 | V86: =R86/S86 -> 0.59804266 | W86: =R86/Q86 -> 0.060726779 | X86: =R86/N86 -> 0.035536144
A87: 1543 | B87: Plenas-Individuales | C87: Estado de situación financiera, corriente/no corriente | D87: 830074642 | E87: 2024-12-31 | F87: TERUMO BCT COLOMBIA SA | G87: G4645 - Comercio al por mayor de productos farmacéuticos, medicinales, cosméticos y de tocador | H87: 01. SOCIEDAD ANÓNIMA | I87: AK 15 88 64 OF 702 | J87: BOGOTA D.C. | K87: BOGOTA D.C. | L87: Periodo Actual | M87: 29346572 | N87: 46625600 | O87: 18950064 | P87: 32156356 | Q87: 14469244 | R87: 2437440 | T87: =M87/O87 -> 1.5486265 | U87: =P87/N87 -> 0.68967168 | W87: =R87/Q87 -> 0.16845662 | X87: =R87/N87 -> 0.052276861
A88: 1551 | B88: Plenas-Individuales | C88: Estado de situación financiera, corriente/no corriente | D88: 830076125 | E88: 2024-12-31 | F88: GRUNENTHAL COLOMBIANA SA | G88: G4645 - Comercio al por mayor de productos farmacéuticos, medicinales, cosméticos y de tocador | H88: 01. SOCIEDAD ANÓNIMA | I88: CL 93 16 20 | J88: BOGOTA D.C. | K88: BOGOTA D.C. | L88: Periodo Actual | M88: 145069981 | N88: 164064058 | O88: 48824640 | P88: 48824640 | Q88: 115239418 | R88: 49169628 | T88: =M88/O88 -> 2.9712453 | U88: =P88/N88 -> 0.29759498 | W88: =R88/Q88 -> 0.42667369 | X88: =R88/N88 -> 0.29969774
A89: 1555 | B89: Plenas-Individuales | C89: Estado de situación financiera, corriente/no corriente | D89: 830077389 | E89: 2024-12-31 | F89: GIVAUDAN COLOMBIA SAS | G89: G4669 - Comercio al por mayor de otros productos n.c.p. | H89: 08. SOCIEDAD POR ACCIONES SIMPLIFICADA SAS | I89: Cra 98 25G 40 | J89: BOGOTA D.C. | K89: BOGOTA D.C. | L89: Periodo Actual | M89: 147265328 | N89: 176654899 | O89: 80494459 | P89: 118407237 | Q89: 58247662 | R89: 10001371 | T89: =M89/O89 -> 1.8295089 | U89: =P89/N89 -> 0.67027429 | W89: =R89/Q89 -> 0.17170425 | X89: =R89/N89 -> 0.056615305
A90: 1561 | B90: Plenas-Individuales | C90: Estado de situación financiera, corriente/no corriente | D90: 830078644 | E90: 2024-12-31 | F90: Oben Distribuidora Colombia Ltda | G90: G4669 - Comercio al por mayor de otros productos n.c.p. | H90: 03. SOCIEDAD LIMITADA | I90: Aut. Bogotá - Medellín Km 7 BG E 143 A 1 | J90: CUNDINAMARCA | K90: FUNZA-CUNDINAMARCA | L90: Periodo Actual | M90: 108435141 | N90: 150112529 | O90: 125715137 | P90: 125715137 | Q90: 24397392 | R90: -9138795 | T90: =M90/O90 -> 0.86254642 | U90: =P90/N90 -> 0.83747265 | W90: =R90/Q90 -> -0.37458082 | X90: =R90/N90 -> -0.060879629
A91: 1635 | B91: Plenas-Individuales | C91: Estado de situación financiera, corriente/no corriente | D91: 830095169 | E91: 2024-12-31 | F91: DSM NUTRITIONAL PRODUCTS COLOMBIA SA | G91: C2029 - Fabricación de otros productos químicos n.c.p. | H91: 01. SOCIEDAD ANÓNIMA | I91: PARQUE INDUSTRIAL TIBITOC LOTE 41B Y 42B | J91: CUNDINAMARCA | K91: TOCANCIPA-CUNDINAMARCA | L91: Periodo Actual | M91: 101896749 | N91: 120994419 | O91: 86121540 | P91: 87269530 | Q91: 33724889 | R91: 1376532 | S91: 1011986 | T91: =M91/O91 -> 1.1831738 | U91: =P91/N91 -> 0.72126905 | V91: =R91/S91 -> 1.3602283 | W91: =R91/Q91 -> 0.040816502 | X91: =R91/N91 -> 0.011376822
A92: 1651 | B92: Plenas-Individuales | C92: Estado de situación financiera, corriente/no corriente | D92: 830096788 | E92: 2024-12-31 | F92: ITW COLOMBIA S.A.S. | G92: C2029 - Fabricación de otros productos químicos n.c.p. | H92: 08. SOCIEDAD POR ACCIONES SIMPLIFICADA SAS | I92: PARQUE INDUSTRIAL ROBLES V BODEGA 7 VEREDA CANAVITA | J92: CUNDINAMARCA | K92: TOCANCIPA-CUNDINAMARCA | L92: Periodo Actual | M92: 28934486 | N92: 29137811 | O92: 2508126 | P92: 2508126 | Q92: 26629685 | R92: 9553717 | S92: 336971 | T92: =M92/O92 -> 11.536297 | U92: =P92/N92 -> 0.086078052 | V92: =R92/S92 -> 28.351748 | W92: =R92/Q92 -> 0.35876192 | X92: =R92/N92 -> 0.3278804
A93: 1691 | B93: Plenas-Individuales | C93: Estado de situación financiera, corriente/no corriente | D93: 830113035 | E93: 2024-12-31 | F93: PISA FARMACEUTICA DE COLOMBIA SA | G93: G4645 - Comercio al por mayor de productos farmacéuticos, medicinales, cosméticos y de tocador | H93: 01. SOCIEDAD ANÓNIMA | I93: AV CRA 19 95 20 OF 1202 | J93: BOGOTA D.C. | K93: BOGOTA D.C. | L93: Periodo Actual | M93: 523948481 | N93: 544492924 | O93: 408719184 | P93: 413056163 | Q93: 131436761 | R93: 117350770 | S93: 43128216 | T93: =M93/O93 -> 1.2819278 | U93: =P93/N93 -> 0.75860704 | V93: =R93/S93 -> 2.7209744 | W93: =R93/Q93 -> 0.89283066 | X93: =R93/N93 -> 0.21552304
A94: 1731 | B94: Plenas-Individuales | C94: Estado de situación financiera, corriente/no corriente | D94: 830123806 | E94: 2024-12-31 | F94: PINT PHARMA COLOMBIA SAS | G94: G4645 - Comercio al por mayor de productos farmacéuticos, medicinales, cosméticos y de tocador | H94: 08. SOCIEDAD POR ACCIONES SIMPLIFICADA SAS | I94: CARRERA 13 # 85-39 OF 306 | J94: BOGOTA D.C. | K94: BOGOTA D.C. | L94: Periodo Actual | M94: 67008505 | N94: 81040158 | O94: 65628844 | P94: 76739851 | Q94: 4300307 | R94: -3819131 | T94: =M94/O94 -> 1.0210222 | U94: =P94/N94 -> 0.9469361 | W94: =R94/Q94 -> -0.88810659 | X94: =R94/N94 -> -0.047126401
A95: 1863 | B95: Plenas-Individuales | C95: Estado de situación financiera, corriente/no corriente | D95: 860000315 | E95: 2024-12-31 | F95: SPERLING SA | G95: G4669 - Comercio al por mayor de otros productos n.c.p. | H95: 01. SOCIEDAD ANÓNIMA | I95: KM 8 5 AUTO MEDELLIN PARQUE IND MORELIA BG 22 | J95: CUNDINAMARCA | K95: TENJO-CUNDINAMARCA | L95: Periodo Actual | M95: 6305473 | N95: 7767344 | O95: 1884446 | P95: 17494981 | Q95: -9727637 | R95: -1243664 | S95: 148903 | T95: =M95/O95 -> 3.3460619 | U95: =P95/N95 -> 2.2523762 | V95: =R95/S95 -> -8.3521756 | W95: =R95/Q95 -> 0.12784852 | X95: =R95/N95 -> -0.16011445
A96: 1869 | B96: Plenas-Individuales | C96: Estado de situación financiera, corriente/no corriente | D96: 860000580 | E96: 2024-12-31 | F96: MERCK S.A | G96: G4645 - Comercio al por mayor de productos farmacéuticos, medicinales, cosméticos y de tocador | H96: 01. SOCIEDAD ANÓNIMA | I96: AK 9 101 67 P5 OF 501A | J96: BOGOTA D.C. | K96: BOGOTA D.C. | L96: Periodo Actual | M96: 241504505 | N96: 268793551 | O96: 61405781 | P96: 70493581 | Q96: 198299970 | R96: 21400614 | S96: 5424780 | T96: =M96/O96 -> 3.9329278 | U96: =P96/N96 -> 0.2622592 | V96: =R96/S96 -> 3.9449736 | W96: =R96/Q96 -> 0.10792041 | X96: =R96/N96 -> 0.07961729
A97: 1875 | B97: Plenas-Individuales | C97: Estado de situación financiera, corriente/no corriente | D97: 860000753 | E97: 2024-12-31 | F97: BOEHRINGER INGELHEIM SA | G97: G4645 - Comercio al por mayor de productos farmacéuticos, medicinales, cosméticos y de tocador | H97: 01. SOCIEDAD ANÓNIMA | I97: CL 116 7 15 P 14 OF 1401 | J97: BOGOTA D.C. | K97: BOGOTA D.C. | L97: Periodo Actual | M97: 748307380 | N97: 878787988 | O97: 739299809 | P97: 752967574 | Q97: 125820414 | R97: 2509901 | T97: =M97/O97 -> 1.0121839 | U97: =P97/N97 -> 0.85682506 | W97: =R97/Q97 -> 0.019948281 | X97: =R97/N97 -> 0.0028560939
A98: 1879 | B98: Plenas-Individuales | C98: Estado de situación financiera, corriente/no corriente | D98: 860000896 | E98: 2024-12-31 | F98: SIKA COLOMBIA SAS | G98: C2029 - Fabricación de otros productos químicos n.c.p. | H98: 08. SOCIEDAD POR ACCIONES SIMPLIFICADA SAS | I98: VEREDA CANAVITA KM 20.5 AUTONORTE | J98: CUNDINAMARCA | K98: TOCANCIPA-CUNDINAMARCA | L98: Periodo Actual | M98: 153150215 | N98: 321358147 | O98: 124012328 | P98: 141964642 | Q98: 179393505 | R98: 115436069 | T98: =M98/O98 -> 1.2349596 | U98: =P98/N98 -> 0.44176456 | W98: =R98/Q98 -> 0.64347965 | X98: =R98/N98 -> 0.35921314
A99: 1895 | B99: Plenas-Individuales | C99: Estado de situación financiera, corriente/no corriente | D99: 860001711 | E99: 2024-12-31 | F99: WEST PHARMACEUTICAL SERVICES COLOMBIA SAS | G99: G4669 - Comercio al por mayor de otros productos n.c.p. | H99: 08. SOCIEDAD POR ACCIONES SIMPLIFICADA SAS | I99: Parque industrial GranSabana Bodega M33 | J99: CUNDINAMARCA | K99: TOCANCIPA-CUNDINAMARCA | L99: Periodo Actual | M99: 23199128 | N99: 24374408 | O99: 5748408 | P99: 8201772 | Q99: 16172636 | R99: 4292832 | S99: 1580454 | T99: =M99/O99 -> 4.0357483 | U99: =P99/N99 -> 0.33649113 | V99: =R99/S99 -> 2.7162018 | W99: =R99/Q99 -> 0.26543799 | X99: =R99/N99 -> 0.17612046
A100: 1913 | B100: Plenas-Individuales | C100: Estado de situación financiera, corriente/no corriente | D100: 860001999 | E100: 2024-12-31 | F100: Lucta Grancolombiana SAS | G100: C2029 - Fabricación de otros productos químicos n.c.p. | H100: 08. SOCIEDAD POR ACCIONES SIMPLIFICADA SAS | I100: VIA AUTODROMO KM 2 | J100: CUNDINAMARCA | K100: TOCANCIPA-CUNDINAMARCA | L100: Periodo Actual | M100: 217956902 | N100: 268739115 | O100: 63703307 | P100: 87234473 | Q100: 181504642 | R100: 59475049 | S100: 695171 | T100: =M100/O100 -> 3.4214378 | U100: =P100/N100 -> 0.32460654 | V100: =R100/S100 -> 85.55456 | W100: =R100/Q100 -> 0.32767784 | X100: =R100/N100 -> 0.22131147
A101: 1927 | B101: Plenas-Individuales | C101: Estado de situación financiera, corriente/no corriente | D101: 860002392 | E101: 2024-12-31 | F101: MERCK SHARP & DOHME COLOMBIA S.A.S. | G101: G4645 - Comercio al por mayor de productos farmacéuticos, medicinales, cosméticos y de tocador | H101: 08. SOCIEDAD POR ACCIONES SIMPLIFICADA SAS | I101: CALLE 127A NO. 53A-45 TORRE 3 PISO 8 | J101: BOGOTA D.C. | K101: BOGOTA D.C. | L101: Periodo Actual | M101: 715156070 | N101: 783673816 | O101: 423136717 | P101: 443167393 | Q101: 340506423 | R101: 47842100 | S101: 3217537 | T101: =M101/O101 -> 1.69013 | U101: =P101/N101 -> 0.56549981 | V101: =R101/S101 -> 14.869169 | W101: =R101/Q101 -> 0.14050278 | X101: =R101/N101 -> 0.061048486
A102: 1931 | B102: Plenas-Individuales | C102: Estado de situación financiera, corriente/no corriente | D102: 860002428 | E102: 2024-12-31 | F102: Bristol Myers Squibb de Colombia SA | G102: G4645 - Comercio al por mayor de productos farmacéuticos, medicinales, cosméticos y de tocador | H102: 01. SOCIEDAD ANÓNIMA | I102: Carrera 7 No. 71 -21 Avenida Chile Bogotá. Edificio Regus Piso 13.Oficina 16 | J102: BOGOTA D.C. | K102: BOGOTA D.C. | L102: Periodo Actual | M102: 334500619 | N102: 352645266 | O102: 193180458 | P102: 193180458 | Q102: 159464808 | R102: 30202515 | S102: 694384 | T102: =M102/O102 -> 1.7315448 | U102: =P102/N102 -> 0.54780392 | V102: =R102/S102 -> 43.495407 | W102: =R102/Q102 -> 0.18939925 | X102: =R102/N102 -> 0.085645599
...

Sheet HISTORICO
A2: INDICADOR | B2: VIGENCIA 2025 | C2: AS 2026-MEDIANA | D2: PROMEDIO
A3: Presupuesto | B3: 11594997534 | C3: 9689754813
A4: Índice de Liquidez | B4: 3 | C4: ='Indices act'!T7 -> 2.042389 | D4: =ROUND(AVERAGE(B4,C4),3) -> 2.521
A5: Nivel de Endeudamiento | B5: 0.51 | C5: ='Indices act'!U7 -> 0.50601591 | D5: =ROUND(AVERAGE(B5,C5),3) -> 0.508
A6: Índice de cobertura de intereses | B6: 2.74 | C6: ='Indices act'!V7 -> 3.0802435 | D6: =ROUND(AVERAGE(B6,C6),3) -> 2.91
A7: Rentabilidad del Patrimonio - ROE | B7: 0.19 | C7: ='Indices act'!W7 -> 0.18939925 | D7: =ROUND(AVERAGE(B7,C7),3) -> 0.19
A8: Rentabilidad del Activo - ROA | B8: 0.09 | C8: ='Indices act'!X7 -> 0.088985227 | D8: =ROUND(AVERAGE(B8,C8),3) -> 0.089
